 Dungeon Crawl Stone Soup version 0.27-a0-531-gb72ec1a1b6 (webtiles) character file.

Game seed: 10834252253620300602

944696 Primbel the Conqueror (level 27, -5/199 HPs)
             Began as a Gargoyle Earth Elementalist on Mar 1, 2021.
             Was the Champion of Vehumet.
             Killed from afar by Rotwopom's ghost (12 damage)
             ... with a tornado
             ... on level 18 of a ziggurat on Mar 5, 2021.
             The game lasted 03:48:45 (96074 turns).

Primbel the Conqueror (GrEE)                       Turns: 96074, Time: 03:48:45

Health: -5/199     AC: 60    Str: 24    XL:     27
Magic:  61/61      EV: 15    Int: 40    God:    Vehumet [******]
Gold:   13386      SH:  0    Dex: 14    Spells: 1/77 levels left

rFire    + . .     SeeInvis +   j - +7 demon whip of Gehenna {elec, +Blink Will+ SInv}
rCold    + . .     Faith    .   (no shield)
rNeg     + + .     Spirit   .   g - +15 storm dragon scales "Inloan" {rElec MP+9 Dex+4 Slay+2}
rPois    ∞         Reflect  .   K - +2 helmet
rElec    +         Harm     .   f - scarf {rC+ rF+}
rCorr    .         Rampage  .   T - +4 pair of gloves of Analysis {Will+ Int+3}
Will     +++++                  I - +2 pair of boots
Stlth    ..........             N - amulet "Iruth" {RegenMP Str+3}
HPRegen  0.43/turn              O - ring "Qudef" {rElec rN+ Str+6 Int+4}
MPRegen  0.62/turn              X - ring "Saef" {Wiz Int+7}

@: flying, studying 7 skills
A: big wings, deterioration 1, strong-willed 1, mutation resistance 1, negative
energy resistance 1, electricity resistance, unbreathing 1, petrification
resistance, miasma immunity, sturdy frame 1, AC +20
}: 3/15 runes: decaying, silver, gossamer
a: Renounce Religion, Evoke Blink


You were on level 18 of a ziggurat.
You worshipped Vehumet.
Vehumet was exalted by your worship.
You visited 10 branches of the dungeon, and saw 48 of its levels.
You visited 2 ziggurats (completing 1), and saw 45 of their levels.
You also visited: Trove and Ice Cave.

You collected 18219 gold pieces.
You spent 4833 gold pieces at shops.

Inventory:

Hand Weapons
 j - the +7 demon whip of Gehenna (weapon) {elec, +Blink Will+ SInv}
   (You found it in an ice cave)

   Occasionally, upon striking a foe, it can discharge electrical energy and
   cause terrible harm.
   It affects your willpower, your defense against some magical effects.
   It lets you see invisible.
   It lets you blink.
 E - the +10 mace "Onuphox" {vorpal, *Contam rF+++ MP+9 Int+2}
   (You acquired it on level 24 of a ziggurat)

   It inflicts extra damage upon your enemies.
   It affects your intelligence (+2).
   It renders you almost immune to fire.
   It affects your magic capacity (+9).
   It causes magical contamination when unequipped.
 U - a +5 demon whip of electrocution
Armour
 f - a scarf of resistance (worn)
 g - the +15 storm dragon scales "Inloan" (worn) {rElec MP+9 Dex+4 Slay+2}
   (You found it on level 20 of a ziggurat)

   It affects your dexterity (+4).
   It affects your accuracy and damage with ranged weapons and melee attacks
   (+2).
   It insulates you from electricity.
   It affects your magic capacity (+9).
 k - the +2 hood of the Assassin {Detection Stab+ Stlth++}
   (You found it on level 17 of a ziggurat)

   It makes you much more stealthy.
 I - a +2 pair of boots (worn)
 K - a +2 helmet (worn)
 T - the +4 pair of gloves of Analysis (worn) {Will+ Int+3}
   (You found it on level 12 of a ziggurat)

   It affects your intelligence (+3).
   It affects your willpower, your defense against some magical effects.
 Z - a +2 robe of the Archmagi
Jewellery
 d - the ring of Creativity {Fire +Fly rElec Slay+5}
   (You found it on level 12 of a ziggurat)

   [ring of fire]

   It enhances your fire magic.
   It affects your accuracy and damage with ranged weapons and melee attacks
   (+5).
   It protects you from fire.
   It makes you vulnerable to cold.
   It insulates you from electricity.
   It lets you fly.
 h - the ring of Septiv {Will++ Str+6 Dex-2 Slay+5}
   (You found it on level 14 of a ziggurat)

   [ring of strength]

   It affects your strength (+6).
   It affects your dexterity (-2).
   It affects your accuracy and damage with ranged weapons and melee attacks
   (+5).
   It affects your willpower, your defense against some magical effects.
 N - the amulet "Iruth" (around neck) {RegenMP Str+3}
   (You found it on level 22 of a ziggurat)

   [amulet of magic regeneration]

   It increases your magic regeneration.
   It affects your strength (+3).
 O - the ring "Qudef" (left hand) {rElec rN+ Str+6 Int+4}
   (You found it on level 2 of the Elven Halls)

   [ring of strength]

   It affects your strength (+6).
   It affects your intelligence (+4).
   It insulates you from electricity.
   It protects you from negative energy.
 X - the ring "Saef" (right hand) {Wiz Int+7}
   (You found it on level 1 of the Elven Halls)

   [ring of wizardry]

   It improves your spell success rate.
   It affects your intelligence (+7).
Wands
 i - a wand of digging (14)
 s - a wand of acid (46)
 t - a wand of iceblast (39)
Scrolls
 b - 6 scrolls of enchant armour
 c - 2 scrolls of brand weapon
 m - 19 scrolls of blinking
 p - 14 scrolls of amnesia
 q - 19 scrolls of teleportation
 r - a scroll of summoning
 u - 22 scrolls of magic mapping
 x - 83 scrolls of identify
 G - 25 scrolls of fog
Potions
 e - 2 potions of heal wounds
 l - 14 potions of brilliance
 n - 9 potions of cancellation
 z - 14 potions of curing
 A - 9 potions of invisibility
 C - 3 potions of haste
 H - a potion of berserk rage
 J - 28 potions of mutation
 Q - 10 potions of might
 R - 6 potions of ambrosia
 S - 2 potions of resistance
Miscellaneous
 a - a condenser vane
 v - a box of beasts
 B - a tin of tremorstones (2/2)
 M - a lightning rod (4/4)


   Skills:
 O Level 27 Fighting
 - Level 16.0 Maces & Flails
 - Level 6.0 Armour
 - Level 15.0 Dodging
 - Level 2.1 Stealth
 - Level 25.6 Spellcasting
 - Level 20.0 Conjurations
 - Level 13.0 Necromancy
 - Level 11.0 Transmutations
 - Level 22.0 Fire Magic
 + Level 19.5 Ice Magic
 + Level 15.5 Air Magic
 - Level 22.0 Earth Magic
 - Level 10.0 Evocations


You had one spell level left.
You knew the following spells:

 Your Spells              Type           Power      Damage    Failure   Level
a - Shatter               Erth           61%        3d46*     2%          9
b - Stone Arrow           Conj/Erth      100%       3d13      0%          3
c - Lee's Rapid Deconstr  Erth           61%        3d29*     0%          5
d - Iron Shot             Conj/Erth      60%        9d11      1%          6
e - Bolt of Magma         Conj/Fire/Erth 61%        4d24      0%          5
f - Fire Storm            Conj/Fire      60%        8d15      3%          9
g - Ignition              Fire           61%        3d17      1%          8
h - Necromutation         Tmut/Necr      49%        N/A       26%         8
i - Irradiate             Conj/Tmut      54%        3d32      1%          5
j - Absolute Zero         Ice            59%        ∞         5%          9
k - Tornado               Air            54%        N/A       24%         9

Your spell library contained the following spells:

 Spells                   Type           Power      Damage    Failure   Level
 Animate Skeleton         Necr           100%       N/A       0%          1
 Beastly Appendage        Tmut           100%       N/A       0%          1
 Foxfire                  Conj/Fire      100%       2x1d9     0%          1
 Freeze                   Ice            100%       1d11      0%          1
 Magic Dart               Conj           100%       1d8       0%          1
 Pain                     Necr           100%       1d9       0%          1
 Sandblast                Erth           100%       2d20      0%          1
 Apportation              Tloc           100%       N/A       1%          1
 Corona                   Hex            55%        N/A       1%          1
 Sting                    Tmut/Pois      100%       1d8       1%          1
 Summon Small Mammal      Summ           100%       N/A       1%          1
 Corpse Rot               Necr/Air       N/A        N/A       0%          2
 Passwall                 Tmut/Erth      92%        N/A       0%          2
 Searing Ray              Conj           100%       3d7       0%          2
 Swiftness                Air            100%       N/A       0%          2
 Conjure Flame            Conj/Fire      100%       6-21      0%          3
 Frozen Ramparts          Ice            100%       1d12      0%          3
 Ozocubu's Armour         Ice            100%       N/A       0%          3
 Static Discharge         Conj/Air       100%       N/A       0%          3
 Vampiric Draining        Necr           50%        2d13      0%          3
 Hailstorm                Conj/Ice       100%       3d20      0%          4
 Petrify                  Tmut/Erth      100%       N/A       0%          4
 Sticky Flame             Conj/Fire      100%       2d11      0%          4
 Fireball                 Conj/Fire      60%        3d23      0%          5
 Blink                    Tloc           N/A        N/A       1%          2
 Call Imp                 Summ           50%        N/A       1%          2
 Ensorcelled Hibernation  Hex/Ice        100%       N/A       1%          2
 Poisonous Vapours        Pois/Air       100%       N/A       1%          2
 Slow                     Hex            50%        N/A       1%          2
 Wereblood                Tmut           95%        N/A       1%          2
 Call Canine Familiar     Summ           50%        N/A       1%          3
 Confusing Touch          Hex            50%        N/A       1%          3
 Dazzling Flash           Conj/Hex       100%       N/A       1%          3
 Gell's Gravitas          Tloc           25%        N/A       1%          3
 Ignite Poison            Fire/Tmut/Pois 96%        N/A       1%          3
 Inner Flame              Hex/Fire       96%        N/A       1%          3
 Lesser Beckoning         Tloc           25%        N/A       1%          3
 Mephitic Cloud           Conj/Pois/Air  98%        N/A       1%          3
 Portal Projectile        Hex/Tloc       100%       N/A       1%          3
 Spider Form              Tmut/Pois      38%        N/A       1%          3
 Summon Guardian Golem    Hex/Summ       50%        N/A       1%          3
 Teleport Other           Tloc           50%        N/A       1%          3
 Tukima's Dance           Hex            50%        N/A       1%          3
 Animate Armour           Summ/Erth      100%       N/A       1%          4
 Animate Dead             Necr           50%        N/A       1%          4
 Dispel Undead            Necr           100%       3d31      1%          4
 Fulminant Prism          Conj/Hex       46%        3d21      1%          4
 Ice Form                 Ice/Tmut       100%       N/A       1%          4
 Iskenderun's Mystic Bla  Conj/Tloc      92%        2d18      1%          4
 Leda's Liquefaction      Hex/Erth       47%        N/A       1%          4
 Olgreb's Toxic Radiance  Pois           50%        N/A       1%          4
 Summon Ice Beast         Ice/Summ       92%        N/A       1%          4
 Summon Lightning Spire   Summ/Air       85%        N/A       1%          4
 Agony                    Necr           100%       N/A       1%          5
 Alistair's Intoxication  Tmut/Pois      50%        N/A       1%          5
 Blade Hands              Tmut           47%        N/A       1%          5
 Borgnjor's Vile Clutch   Necr/Erth      56%        N/A       1%          5
 Excruciating Wounds      Necr           50%        N/A       1%          5
 Lightning Bolt           Conj/Air       57%        1d79      1%          5
 Metabolic Englaciation   Hex/Ice        46%        N/A       1%          5
 Silence                  Hex/Air        42%        N/A       1%          5
 Yara's Violent Unravell  Hex/Tmut       38%        3d15      1%          5
 Conjure Ball Lightning   Conj/Air       57%        3x3d21    1%          6
 Death Channel            Necr           50%        N/A       1%          6
 Freezing Cloud           Conj/Ice/Air   57%        6-21      1%          6
 Hydra Form               Tmut           47%        N/A       1%          6
 Simulacrum               Ice/Necr       55%        N/A       1%          6
 Starburst                Conj/Fire      60%        8x6d16    1%          6
 Orb of Destruction       Conj           59%        9d17      1%          7
 Ozocubu's Refrigeration  Ice            59%        4d16      1%          7
 Chain Lightning          Conj/Air       57%        N/A       1%          8
 Lehudib's Crystal Spear  Conj/Erth      60%        10d14     1%          8
 Spellforged Servitor     Conj/Summ      46%        N/A       2%          7
 Eringya's Noxious Bog    Tmut/Pois      38%        N/A       3%          6
 Cause Fear               Hex            25%        N/A       6%          4
 Manifold Assault         Tloc           50%        N/A       6%          4
 Passage of Golubria      Tloc           N/A        N/A       6%          4
 Dragon Form              Tmut           47%        N/A       6%          7
 Summon Forest            Summ/Tloc      25%        N/A       16%         5
 Summon Mana Viper        Hex/Summ       50%        N/A       16%         5
 Borgnjor's Revivificati  Necr           50%        N/A       19%         8
 Infestation              Necr           50%        N/A       19%         8
 Haunt                    Necr/Summ      40%        N/A       32%         7
 Invisibility             Hex            50%        N/A       63%         6
 Shadow Creatures         Summ           N/A        N/A       63%         6
 Death's Door             Necr           50%        N/A       94%         9
 Malign Gateway           Summ/Tloc      25%        N/A       99%         7
 Monstrous Menagerie      Summ           25%        N/A       99%         7
 Summon Hydra             Summ           25%        N/A       99%         7
 Discord                  Hex            25%        N/A       100%        8
 Summon Horrible Things   Summ           25%        N/A       100%        8
 Dragon's Call            Summ           25%        N/A       100%        9
 Sublimation of Blood     Necr           Unusable   N/A       N/A         2
 Statue Form              Tmut/Erth      Unusable   N/A       N/A         6

Dungeon Overview and Level Annotations

Branches:
Dungeon (15/15)            Temple (1/1) D:7            Lair (6/6) D:10
  Swamp (4/4) Lair:4       Spider (4/4) Lair:4        Slime (0/5) Lair:6
    Orc (2/2) D:12            Elf (3/3) Orc:2        Vaults (5/5) D:14
  Crypt (3/3) Vaults:2       Tomb (0/3) Crypt:3      Depths (5/5) D:15
    Zot (0/5) Depths:5      IceCv (visited)

Altars:
Ashenzari
Cheibriados
Dithmenos
Elyvilon
Fedhas
Gozag
Hepliaklqana
Kikubaaqudgha
Makhleb
Nemelex Xobeh
Okawaru
Qazlal
Ru
Sif Muna
Trog
Uskayaw
Vehumet
Wu Jian
Xom
Yredelemnul
Zin
The Shining One
Beogh

Shops:
D:12 =   Orc:1 *   Orc:2 (!!?*   Elf:2 ?   Vaults:1 (   Vaults:3 ((![:
Depths:2 [

Portals:
Hell: Lair:6 Depths:1 Depths:2 Depths:3 Depths:4 Depths:5
Abyss: Lair:3 Depths:4 Depths:5
Pandemonium: Depths:3

Annotations:
Elf:2 3 runed translucent doors
Zig:18 Ahek's ghost, legendary GnTm; Ereufydu's ghost, legendary VSGl; Gyofeun's ghost, legendary FoFi; Icuofef's ghost, veteran SpEn; Ihoic's ghost, legendary SpEn; Muffal's ghost, legendary FoFi; Rotwopom's ghost, legendary NaVM; Xiorchab's ghost, legendary VSFi; Zorhyraw's ghost, legendary GrEE


Innate Abilities, Weirdness & Mutations

You are resistant to torment.
Your stone body is resilient. (AC +20)
You are immune to poison.
Your large and strong wings let you fly indefinitely.
You resist negative energy. (rN+)
You are resistant to electric shocks. (rElec)
You can survive without breathing.
You are immune to petrification.
You are immune to miasma.
Your body sometimes deteriorates upon taking damage.
You are strong-willed. (Will+)
You are somewhat resistant to further mutation.
Your movements are slightly less encumbered by armour. (ER -2)


Message History

The fireball engulfs Ihoic's ghost.
Ihoic's ghost resists.
Ihoic's ghost is heavily damaged.
The fireball engulfs Zorhyraw's ghost.
Zorhyraw's ghost completely resists.
Zorhyraw's ghost is lightly damaged.
You are engulfed in spectral mist.
* * * LOW HITPOINT WARNING * * *
x2 Icuofef's ghost casts a spell.
Icuofef's ghost's surroundings become eerily quiet.
The deathcap draws from the surrounding life force!
* * * LOW HITPOINT WARNING * * *
The deathcap is healed.
Rotwopom's ghost misses you.
Unknown command.
Unknown command.
Unknown command.
Casting: Ignition (mildly dangerous; 1% risk of failure)
Confirm with . or Enter, or press ? or * to list all spells.
The dungeon rumbles!
The curse toe is severely damaged.
Ereufydu's ghost is heavily damaged.
Rotwopom's ghost is moderately damaged. x2
Gyofeun's ghost is lightly damaged.
Ahek's ghost is lightly damaged.
Zorhyraw's ghost is lightly damaged.
Xiorchab's ghost is lightly damaged.
You destroy the curse skull!
Vehumet accepts your kill.
You feel your power returning.
You destroy the curse skull!
Vehumet accepts your kill.
You feel your power returning.
Icuofef's ghost is almost destroyed.
The eidolon is moderately damaged.
You destroy the vampire!
You destroy the curse skull!
Vehumet accepts your kill.
You feel your power returning.
The gelid black sun is severely wounded.
You destroy the deathcap!
You destroy the curse skull!
Vehumet accepts your kill.
You are engulfed in raging winds.
* * * LOW HITPOINT WARNING * * *
The curse toe is destroyed!
You die...

▓▓▓▓ ▓...........
▓○...........
▓°§...........
▓▓W§§§.......6..
▓▓W○§§§..........
▓▓WW○§§§........M.
▓▓§§§§§§§W6...z..V.
▓W@W§§§○§W)WW.....Z
▓▓WW§§§°°†....3Wz..
▓▓§§§§§°....3eLW..
▓▓○§§§§○..zZ.....
▓▓§○§§☼.fZ.W....
▓§§§..§WV.....
▓▓§°☼..f......
▓▓...........
▓▓▓▓▓▓▓▓▓▓▓▓


You could see an eidolon (black mark), Ahek's ghost (black mark), Ereufydu's
ghost (black mark), Gyofeun's ghost (black mark), Icuofef's ghost (silencing,
black mark), Ihoic's ghost (black mark), 2 Rotwopom's ghosts, Xiorchab's ghost
(black mark) and Zorhyraw's ghost (black mark, invisible).

Vanquished Creatures
  The ghost of Wougrad the Conqueror, a legendary GrEE of Vehumet (Zig:14)
  The ghost of Qumaaz the Conqueror, a legendary HuIE of Hepliaklqana (Zig:14)
  7 dread liches
  Khufu (Crypt:1)
  The ghost of Gyofeun the Axe Maniac, a legendary FoFi of Ru (Zig:14)
  Mara (Vaults:2)
  3 orbs of fire (Zig:13)
  Mennas (Vaults:2)
  7 juggernauts
  The ghost of Muffal the Impregnable, a legendary FoFi of the Shining One (Zig:14)
  7 ancient liches
  The ghost of Saonuxt the Cutthroat, a legendary DsFi of Uskayaw (Zig:14)
  32 royal mummies
  Boris (4 times) (Vaults:2 Crypt:1 Crypt:3 Depths:4)
  10 Killer Klowns
  Saint Roka (Elf:2)
  Xtahua (Crypt:3)
  Frederick (Vaults:3)
  6 shard shrikes
  2 curse toes (Zig:14)
  The ghost of Icuofef the Sorcerer, a veteran SpEn of Dithmenos (Zig:14)
  The ghost of Icuofef the Sorcerer, a veteran SpEn of Dithmenos (Zig:18)
  8 golden dragons
  6 bone dragons
  A pearl dragon (Zig:8)
  2 profane servitors
  3 Brimstone Fiends
  A Tzitzimitl (Zig:21)
  Rupert (Lair:3)
  19 pandemonium lords
  8 tentacled monstrosities
  4 deep elf blademasters
  9 liches
  6 quicksilver dragons
  7 Ice Fiends
  10 titans
  6 Hell Sentinels
  Asterion (Vaults:1)
  7 deep elf master archers
  28 acid blobs
  17 ancient champions
  A quicksilver dragon (shapeshifter) (Zig:17)
  4 Executioners
  Kirke (D:15)
  12 sphinxes
  3 tentacled starspawn (Zig:13)
  13 shadow dragons
  A shadow dragon (shapeshifter) (Zig:4)
  10 tengu reavers
  8 thorn hunters
  5 storm dragons
  Roxanne (D:15)
  14 azure jellies
  14 draconian monks
  3 daevas
  17 nagarajas
  A fire giant (shapeshifter) (Zig:17)
  Donald (Spider:1)
  12 frost giants
  6 ghost moths
  2 iron dragons
  9 draconian knights
  11 revenants
  9 deep elf sorcerers
  20 vault wardens
  11 balrugs
  15 fire giants
  11 draconian scorchers
  12 draconian shifters
  Louise (Spider:1)
  10 ghouls
  An iron dragon (shapeshifter) (Zig:17)
  3 caustic shrike zombies
  2 emperor scorpions
  4 juggernaut zombies
  18 curse skulls
  5 warmongers
  6 angels
  7 cacodemons
  7 blood saints
  5 deep elf elementalists
  8 black suns
  A spriggan defender (Depths:2)
  A caustic shrike skeleton (Zig:27)
  22 ironheart preservers
  12 reapers
  8 draconian stormcallers
  A war gargoyle (Vaults:5)
  2 juggernaut skeletons
  7 corrupters
  36 very ugly things
  6 ophanim
  20 vampire knights
  21 stone giants
  17 draconian annihilators
  7 green draconians
  14 deep elf demonologists
  A dire elephant (shapeshifter) (Zig:10)
  A lorocyproca (Zig:21)
  3 apis
  11 entropy weavers
  9 black draconians
  A dire elephant (Lair:6)
  The ghost of Leupn the Thaumaturge, a journeyman GnSk of Okawaru (Lair:3)
  2 purple draconians
  9 bunyips
  12 red draconians
  10 white draconians
  9 deep elf annihilators
  16 spark wasps
  21 eidola
  7 yellow draconians
  7 eleionomae
  A merfolk impaler (Depths:4)
  6 blizzard demons
  21 ettins
  21 deep elf death magi
  8 green deaths
  A crystal guardian (Vaults:4)
  5 death oozes
  2 quicksilver dragon zombies
  A merfolk javelineer (Depths:4)
  17 great orbs of eyes
  30 mummy priests
  An ettin (shapeshifter) (Vaults:5)
  19 jiangshi
  12 fire dragons
  16 yaktaur captains
  4 shambling mangroves
  3 deep elf high priests
  Harold (Lair:1)
  A quicksilver dragon skeleton (Zig:27)
  17 ice dragons
  9 rakshasas
  Erolcha (D:11)
  A caustic shrike simulacrum (Zig:25)
  17 boulder beetles
  36 vault guards
  An ice dragon (shapeshifter) (Vaults:2)
  An anaconda (shapeshifter) (Zig:17)
  An alligator snapping turtle (shapeshifter) (Zig:10)
  39 hydras
  A juggernaut simulacrum (Zig:27)
  3 naga warriors (Zig:20)
  9 spriggan air magi
  16 ogre magi
  6 hell beasts
  9 death knights
  A catoblepas (Lair:5)
  A spectral fire giant (Crypt:3)
  2 anacondas (Zig:20)
  17 centaur warriors
  A satyr (shapeshifter) (Vaults:5)
  8 ghost crabs
  32 two-headed ogres
  17 dancing weapons
  8 alligators
  2 satyrs (Zig:10)
  10 deep troll shamans
  10 death yaks
  8 death scarabs
  5 titan zombies
  23 vampire magi
  7 tengu warriors
  9 deep troll earth magi
  2 hell hogs (Zig:15)
  6 orc high priests (Zig:14)
  6 naga sharpshooters
  3 thrashing horrors
  24 deep elf knights
  8 spriggan berserkers
  Urug (Lair:1)
  6 hell knights
  11 soul eaters
  3 titan skeletons
  8 shock serpents (Zig:20)
  2 storm dragon zombies
  32 skeletal warriors
  8 wretched stars
  6 iron trolls
  3 sixfirhies
  3 spatial maelstroms
  A golden dragon zombie (Zig:27)
  11 shadow wraiths
  4 fire crabs (Zig:13)
  A fire crab (shapeshifter) (Vaults:5)
  A spectral anaconda (Depths:3)
  29 deep trolls
  An iron troll (shapeshifter) (Zig:10)
  3 storm dragon skeletons
  10 death drakes
  A salamander mystic (Zig:20)
  2 spark wasp zombies
  9 spriggan druids
  26 flayed ghosts
  5 goliath frogs
  8 bog bodies
  A sea snake (shapeshifter) (Vaults:1)
  8 orange crystal statues
  A shadow demon (Zig:3)
  7 unseen horrors
  6 cherubim
  A naga ritualist (Zig:20)
  24 swamp dragons
  A spectral hydra (Depths:3)
  3 deep trolls (shapeshifter)
  3 starcursed masses (Zig:13)
  8 glowing orange brains
  18 phantasmal warriors
  25 deep elf archers
  2 lindwurms (Depths:5)
  12 necromancers
  8 wizards
  11 ironbrand convokers
  4 shadow dragon zombies
  An anaconda skeleton (Crypt:2)
  A sphinx zombie (Zig:17)
  4 golden dragon skeletons
  A lindwurm (shapeshifter) (Zig:17)
  10 orc knights
  4 obsidian statues
  34 orb spiders
  7 tengu skeletons
  A mana viper (Depths:3)
  14 orc sorcerers
  2 mana vipers (shapeshifter)
  3 frost giant zombies
  4 harpies (Vaults:4)
  3 fauns (Zig:10)
  35 deep elf pyromancers
  35 wolf spiders
  A salamander (Zig:20)
  5 will-o-the-wisps
  2 oklob plants
  An eleionoma zombie (Crypt:2)
  A shining eye (shapeshifter) (Zig:16)
  35 deep elf zephyrmancers
  3 salamanders (shapeshifter)
  2 sphinx skeletons
  3 stone giant zombies
  9 cyclopes
  A worldbinder (Zig:3)
  2 manticores
  2 shadow dragon skeletons
  35 ugly things
  16 shining eyes
  6 moths of wrath
  An iron dragon skeleton (Zig:19)
  14 black mambas
  A shock serpent zombie (Crypt:1)
  4 guardian serpents (Zig:20)
  A fire giant skeleton (Vaults:5)
  A spriggan zombie (Zig:9)
  A moth of wrath (shapeshifter) (Vaults:5)
  A stone giant skeleton (Vaults:3)
  A water nymph (shapeshifter) (Zig:10)
  5 elephants (Lair:6)
  9 naga magi
  21 vault sentinels
  12 apocalypse crabs
  2 frost giant skeletons
  15 cane toads
  An eleionoma skeleton (Crypt:1)
  6 eyes of devastation
  2 smoke demons
  9 ice statues
  5 orange demons
  A titan simulacrum (Depths:3)
  3 gargoyles
  8 elf zombies
  3 efreet
  Maggie (Lair:2)
  A hellion (Zig:21)
  A spriggan skeleton (Zig:17)
  2 kobold demonologists
  A green draconian zombie (Crypt:1)
  A minotaur zombie (Crypt:1)
  8 torpor snails
  6 rime drakes
  A yaktaur (shapeshifter) (Zig:17)
  19 freezing wraiths
  2 komodo dragons (shapeshifter)
  42 yaktaurs
  3 spectral merfolk (Depths:3)
  3 tormentors
  6 elf skeletons
  9 komodo dragons
  3 tengu conjurers
  60 guardian mummies
  18 demonic crawlers
  A pale draconian skeleton (Crypt:1)
  An anaconda simulacrum (Depths:3)
  5 hellwings
  18 ice devils
  A golden dragon simulacrum (Zig:25)
  A queen ant zombie (Crypt:2)
  A red devil (Zig:15)
  2 ancient zymes (Zig:13)
  6 tyrant leeches
  2 polar bears (shapeshifter)
  9 blink frogs
  A jumping spider (shapeshifter) (Vaults:2)
  2 polar bears (Lair:5)
  30 jumping spiders
  7 trolls
  Grinder (D:3)
  A dream sheep (shapeshifter) (Vaults:5)
  2 tengu simulacra
  3 wind drakes (Depths:5)
  35 hornets
  2 raiju (Depths:3)
  5 dream sheep (Lair:4)
  42 slime creatures
  An ice dragon zombie (D:15)
  76 flying skulls
  A stone giant simulacrum (Vaults:1)
  A meliai zombie (D:13)
  An alligator zombie (Crypt:1)
  4 air elementals
  A satyr skeleton (Crypt:1)
  Sigmund (D:2)
  2 fire giant simulacra
  20 spriggans
  A yak (shapeshifter) (Elf:1)
  4 ynoxinuls
  9 shadows
  22 ushabtiu
  3 wyverns
  9 vampires
  2 redbacks (shapeshifter)
  95 redbacks
  A spriggan (shapeshifter) (Vaults:4)
  A hog (D:15)
  20 wraiths
  2 ettin skeletons
  47 tarantellas
  19 water elementals
  3 basilisks (shapeshifter)
  4 fire elementals
  A fire bat (Zig:13)
  11 large abominations
  25 yaks
  7 golden eyes
  18 humans (D:14)
  A golden eye (shapeshifter) (Elf:2)
  7 chaos spawn
  6 vampire mosquitoes
  2 steam dragons
  A minotaur simulacrum (Depths:3)
  A basilisk (Lair:2)
  A yaktaur simulacrum (Vaults:3)
  17 swamp worms
  Menkaure (D:6)
  A soldier ant (D:14)
  24 wargs
  3 acid dragons
  3 tengu zombies
  19 water moccasins
  A floating eye (shapeshifter) (Zig:10)
  3 nagas (Zig:20)
  A spectral spriggan (Depths:3)
  3 floating eyes
  A snapping turtle zombie (Depths:3)
  5 sky beasts
  2 black bears
  A black bear (shapeshifter) (Zig:12)
  12 hell hounds
  A swamp dragon zombie (Crypt:1)
  11 eyes of draining
  16 ice beasts
  4 spectral trolls (Depths:3)
  9 swamp drakes
  48 orc warriors
  An ice beast (shapeshifter) (Lair:3)
  11 necrophages
  13 wolves
  3 boggarts (Vaults:3)
  A blink frog zombie (Crypt:2)
  35 ogres
  23 centaurs
  A lindwurm skeleton (Crypt:2)
  2 phantoms
  A fire crab zombie (Crypt:2)
  4 kobold brigands
  6 earth elementals
  14 bullfrogs
  3 small abominations
  A palentonga skeleton (Crypt:1)
  2 wyvern skeletons
  6 scorpions
  A spectral ogre (Depths:2)
  12 wights
  9 killer bees
  4 spectral nagas (Depths:3)
  A troll skeleton (Crypt:2)
  A howler monkey (D:5)
  5 electric eels
  2 spectral centaurs (Depths:3)
  A bullfrog zombie (D:7)
  4 centaur zombies
  2 human simulacra
  5 human zombies
  2 bullfrog skeletons (D:8)
  6 hounds
  4 jellies
  A soldier ant zombie (Crypt:2)
  12 orc priests
  3 centaur skeletons
  3 human skeletons
  5 iguanas
  57 orc wizards
  A spriggan simulacrum (Depths:3)
  13 worker ants
  7 hell rats
  A statue (D:8)
  An ogre zombie (D:7)
  A hound skeleton (D:5)
  100 mummies
  4 worker ant zombies
  3 gnolls (D:4)
  A howler monkey skeleton (D:4)
  6 adders
  14 river rats
  26 white imps
  7 ufetubi
  An ooze (D:1)
  2 adder zombies
  4 worms
  2 dart slugs
  2 leopard geckos
  115 orcs
  A bat zombie (D:6)
  5 giant cockroaches
  4 goblins
  7 hobgoblins
  20 jackals
  14 kobolds
  5 quokkas
  2 ball pythons
  5 bats (D:1)
  6 frilled lizards
  A frilled lizard zombie (Crypt:1)
  An orc zombie (D:7)
  17 rats
  17 briar patches
  A butterfly (Lair:1)
  8 fire vortices
  2 starspawn tentacles (Zig:13)
3805 creatures vanquished.

Vanquished Creatures (collateral kills)
  A pandemonium lord (Zig:16)
  A Tzitzimitl (Zig:16)
  A lorocyproca (Zig:21)
  An apis (Zig:8)
  A quicksilver dragon skeleton (Zig:17)
  An eye of devastation (Zig:24)
  A hellwing (Zig:21)
  A guardian mummy (Zig:17)
  A jumping spider (Zig:12)
  2 slime creatures
  4 mummies
15 creatures vanquished.

Vanquished Creatures (others)
  The ghost of Sobuoh the Slayer, a legendary GrEE of Vehumet (Zig:14)
  The ghost of Umoqal the Sorcerer, a legendary DEEE of Vehumet (Zig:14)
  The ghost of Muffal the Impregnable, a legendary FoFi of the Shining One (Zig:14)
  A curse toe (Zig:18)
  A shadow dragon (Zig:14)
  4 revenants
  A black sun (Zig:14)
  A curse skull (Zig:14)
  A deep elf annihilator (Elf:3)
  A deep elf death mage (Zig:14)
  2 ghost crabs (Zig:14)
  A soul eater (Zig:14)
  A smoke demon (Zig:21)
  A jumping spider (Spider:3)
  3 bloated husks
  A wraith (Depths:3)
  A tarantella (Spider:4)
  5 humans (D:15)
  2 orc wizards
  6 white imps (IceCv)
  3 ufetubi (IceCv)
  An orc (Orc:2)
  A bush (D:7)
  96 fire vortices
  12 foxfires
  34 fungi
  65 plants
  17 withered plants (D:15)
265 creatures vanquished.

Grand Total: 4085 creatures vanquished

Notes
Turn   | Place    | Note
-------+----------+-------------------------------------------
     0 | D:1      | Primbel the Gargoyle Earth Elementalist began the quest for
                  | the Orb.
     0 | D:1      | Reached XP level 1. HP: 10/10 MP: 3/3
   192 | D:1      | Reached XP level 2. HP: 8/15 MP: 1/5
   823 | D:1      | Reached XP level 3. HP: 19/19 MP: 6/6
   827 | D:1      | Learned a level 3 spell: Stone Arrow
  1936 | D:2      | Reached skill level 1 in Conjurations
  2002 | D:2      | Noticed Sigmund
  2009 | D:2      | Killed Sigmund
  2010 | D:2      | Reached skill level 5 in Earth Magic
  2010 | D:2      | Reached XP level 4. HP: 15/24 MP: 1/9
  2010 | D:2      | Reached XP level 5. HP: 17/28 MP: 1/10
  2016 | D:2      | Learned a level 5 spell: Lee's Rapid Deconstruction
  2262 | D:2      | Found a hazy altar of Hepliaklqana.
  2379 | D:3      | Found a white marble altar of Elyvilon.
  2399 | D:3      | Found a hide-covered altar of Uskayaw.
  2435 | D:3      | Reached XP level 6. HP: 32/32 MP: 8/11
  2861 | D:3      | Noticed Grinder
  2873 | D:3      | Paralysed by Grinder for 3 turns
  2877 | D:3      | Killed Grinder
  2878 | D:3      | Reached XP level 7. HP: 27/36 MP: 4/13
  4157 | D:4      | Gained mutation: You are weak. (Str -2) [potion of
                  | mutation]
  4157 | D:4      | Gained mutation: Your magical capacity is low. (-10% MP)
                  | [potion of mutation]
  4157 | D:4      | Gained mutation: Your movements are slightly less
                  | encumbered by armour. (ER -2) [potion of mutation]
  4836 | D:5      | Entered Level 5 of the Dungeon
  4973 | D:5      | Found a white marble altar of Elyvilon.
  5064 | D:5      | Reached XP level 8. HP: 25/42 MP: 4/13
  5320 | D:5      | Reached skill level 1 in Fighting
  5320 | D:5      | Reached skill level 1 in Armour
  5395 | D:5      | Reached skill level 1 in Maces & Flails
  5395 | D:5      | Reached skill level 5 in Spellcasting
  5415 | D:5      | Reached skill level 1 in Evocations
  5802 | D:5      | Found a glowing silver altar of Zin.
  5870 | D:5      | Reached skill level 5 in Conjurations
  6362 | D:6      | Noticed Menkaure
  6365 | D:6      | Killed Menkaure
  6369 | D:6      | Lost mutation: Your magical capacity is low. (-10% MP)
                  | [potion of mutation]
  6369 | D:6      | Lost mutation: You are weak. (Str -2) [potion of mutation]
  6369 | D:6      | Gained mutation: You are strong-willed. (Will+) [potion of
                  | mutation]
  6369 | D:6      | Gained mutation: You are somewhat resistant to further
                  | mutation. [potion of mutation]
  6522 | D:6      | Reached skill level 2 in Fighting
  6630 | D:6      | Found an iron altar of Okawaru.
  6806 | D:6      | Found an ancient bone altar of Kikubaaqudgha.
  7245 | D:6      | Found a broken altar of Ashenzari.
  7392 | D:7      | Reached XP level 9. HP: 30/49 MP: 17/17
  7970 | D:7      | Found a basalt altar of Yredelemnul.
  8011 | D:7      | Reached skill level 3 in Fighting
  8636 | D:7      | Found a blossoming altar of Fedhas.
  8680 | D:7      | Found a staircase to the Ecumenical Temple.
  8688 | Temple   | Entered the Ecumenical Temple
  9181 | D:7      | Found a shimmering blue altar of Sif Muna.
  9209 | D:7      | Reached skill level 4 in Fighting
  9210 | D:7      | Reached XP level 10. HP: 56/56 MP: 13/18
 10018 | D:8      | Noticed a flayed ghost
 10021 | D:8      | Killed a flayed ghost
 10336 | D:8      | Found a radiant altar of Vehumet.
 10356 | D:8      | Became a worshipper of Vehumet
 10772 | D:9      | Found a glowing golden altar of the Shining One.
 11751 | D:10     | Entered Level 10 of the Dungeon
 11775 | D:10     | Killed an unseen horror
 11776 | D:10     | Reached skill level 5 in Fighting
 12129 | D:10     | Noticed a two-headed ogre
 12135 | D:10     | Killed a two-headed ogre
 12136 | D:10     | Reached skill level 5 in Armour
 12136 | D:10     | Reached XP level 11. HP: 64/64 MP: 6/21
 12226 | D:10     | Reached * piety under Vehumet
 12226 | D:10     | Offered knowledge of Foxfire by Vehumet.
 12333 | D:10     | Noticed a death yak
 12334 | D:10     | Noticed a death yak
 12344 | D:10     | Noticed a death yak
 12622 | D:10     | Found a staircase to the Lair.
 12885 | D:10     | Reached skill level 5 in Maces & Flails
 13060 | D:11     | Killed an unseen horror
 13125 | D:11     | Noticed a two-headed ogre
 13135 | D:11     | Killed a two-headed ogre
 14071 | D:11     | Offered knowledge of Searing Ray by Vehumet.
 14078 | D:11     | Reached ** piety under Vehumet
 14213 | D:11     | Reached skill level 5 in Evocations
 14249 | D:11     | Noticed Erolcha
 14253 | D:11     | Killed Erolcha
 14254 | D:11     | Reached skill level 6 in Fighting
 14254 | D:11     | Reached skill level 5 in Dodging
 14371 | D:11     | Found a sacrificial altar of Ru.
 14844 | D:12     | Found Xuonedghu's Jewellery Shoppe.
 14969 | D:12     | Noticed a cyclops
 14975 | D:12     | Killed a cyclops
 15093 | D:12     | Noticed a two-headed ogre
 15105 | D:12     | Killed a two-headed ogre
 15106 | D:12     | Reached skill level 10 in Earth Magic
 15190 | D:12     | Offered knowledge of Ignite Poison by Vehumet.
 15191 | D:12     | Reached XP level 12. HP: 71/71 MP: 23/23
 15220 | D:12     | Reached *** piety under Vehumet
 15261 | D:12     | Found a staircase to the Orcish Mines.
 16025 | D:13     | Offered knowledge of Static Discharge by Vehumet.
 16435 | D:13     | Reached skill level 7 in Fighting
 16942 | D:13     | Reached **** piety under Vehumet
 17183 | D:13     | Noticed a five-headed hydra
 17187 | D:13     | Killed a five-headed hydra
 17362 | D:13     | Noticed a two-headed ogre
 17382 | D:13     | Noticed a centaur warrior
 17391 | D:12     | Killed a two-headed ogre
 17586 | D:13     | Found a portal to a secret trove of treasure.
 18085 | D:14     | Noticed a two-headed ogre
 18091 | D:14     | Noticed a centaur warrior
 18093 | D:14     | Killed a two-headed ogre
 18094 | D:14     | Reached XP level 13. HP: 52/78 MP: 5/25
 18251 | D:14     | Offered knowledge of Irradiate by Vehumet.
 18252 | D:14     | Reached skill level 8 in Fighting
 18258 | D:14     | Learned a level 5 spell: Irradiate
 19432 | D:14     | Reached ***** piety under Vehumet
 19436 | D:14     | Offered knowledge of Conjure Ball Lightning by Vehumet.
 19477 | D:14     | Found a gate to the Vaults.
 19477 | D:14     | Noticed a vault guard
 19477 | D:14     | Noticed a vault guard
 19477 | D:14     | Noticed a vault guard
 19502 | D:14     | Killed a vault guard
 19503 | D:14     | Reached skill level 10 in Conjurations
 19503 | D:14     | Killed a vault guard
 19504 | D:14     | Killed a vault guard
 19904 | D:14     | Noticed a rakshasa
 19932 | D:14     | Killed a rakshasa
 19933 | D:14     | Reached skill level 9 in Fighting
 20423 | D:14     | Gained mutation: Your large and strong wings let you fly
                  | indefinitely. [Gargoyle growth]
 20423 | D:14     | Reached XP level 14. HP: 75/86 MP: 22/27
 21171 | Lair:1   | Entered Level 1 of the Lair of Beasts
 21263 | Lair:1   | Noticed Harold
 21297 | Lair:1   | Killed Harold
 21886 | Lair:1   | Found a shadowy altar of Dithmenos.
 22482 | Lair:1   | Noticed Urug
 22488 | Lair:1   | Killed Urug
 22793 | Lair:2   | Found a broken altar of Ashenzari.
 22874 | Lair:2   | Found a frozen archway.
 22916 | IceCv    | Entered an ice cave
 23015 | IceCv    | Offered knowledge of Spellforged Servitor by Vehumet.
 23642 | IceCv    | Noticed a reaper
 23733 | IceCv    | Killed a reaper
 23817 | IceCv    | Identified the +7 demon whip of Gehenna {elec, +Blink Will+
                  | SInv}
 24073 | IceCv    | Learned a level 2 spell: Passwall
 24260 | Lair:2   | Noticed Maggie
 24265 | Lair:2   | Killed Maggie
 24612 | Lair:2   | You are sucked into a shaft and drop 1 floor!
 25115 | Lair:3   | Found the +8 frozen axe "Frostbite" {freezing cloud, *Noise
                  | +Fly rC+}
 25606 | Lair:3   | Noticed Rupert
 25616 | Lair:3   | Killed Rupert
 25851 | Lair:3   | Identified the +11 flail of Untruth {vorpal, MP-9 Dex+7
                  | Stlth-}
 25994 | Lair:3   | Identified the +6 trident of Kindness {distort, rF+}
 25994 | Lair:3   | Noticed Leupn's ghost (journeyman GnSk)
 26034 | Lair:3   | Reached skill level 10 in Fighting
 26079 | Lair:3   | Found a transporter.
 26085 | Lair:3   | Found a transporter.
 26952 | Lair:4   | Offered knowledge of Ozocubu's Refrigeration by Vehumet.
 27042 | Lair:4   | Found a hole to the Spider Nest.
 27156 | Lair:4   | Reached XP level 15. HP: 78/92 MP: 28/28
 27256 | Lair:4   | Found a staircase to the Swamp.
 28465 | Lair:5   | Reached skill level 10 in Spellcasting
 28955 | Lair:3   | Killed Leupn's ghost
 29095 | Lair:3   | Found a one-way gate to the infinite horrors of the Abyss.
 29249 | Lair:6   | Entered Level 6 of the Lair of Beasts
 29404 | Lair:6   | Found a staircase to the Slime Pits.
 30583 | Lair:6   | Found a burning altar of Makhleb.
 30594 | Lair:6   | Reached skill level 10 in Maces & Flails
 30640 | Lair:6   | Found a gateway to Hell.
 30647 | Lair:6   | Identified the +11 scimitar of Glamorous Watchfulness
                  | {vorpal, Int+3 SInv}
 31125 | Lair:6   | Reached skill level 11 in Fighting
 31550 | Orc:1    | Entered Level 1 of the Orcish Mines
 31563 | Orc:1    | Offered knowledge of Bolt of Magma by Vehumet.
 31852 | Orc:2    | Entered Level 2 of the Orcish Mines
 32181 | Orc:1    | Found a roughly hewn altar of Beogh.
 32396 | Orc:2    | Found a staircase to the Elven Halls.
 32439 | Orc:1    | Found Fixatym's General Store.
 32457 | Orc:1    | Reached XP level 16. HP: 98/99 MP: 30/30
 32472 | Orc:1    | Bought a potion of heal wounds for 70 gold pieces
 32472 | Orc:1    | Bought a scroll of identify for 28 gold pieces
 32472 | Orc:1    | Bought a potion of might for 56 gold pieces
 32472 | Orc:1    | Bought a scroll of identify for 28 gold pieces
 32472 | Orc:1    | Bought a scroll of identify for 28 gold pieces
 32592 | Orc:2    | Found Xicetrip's General Store.
 32608 | Orc:2    | Bought a potion of haste for 130 gold pieces
 32756 | Orc:2    | Learned a level 5 spell: Bolt of Magma
 32955 | Orc:2    | Found Unaybel's Distillery.
 32955 | Orc:2    | Found Xir Iheh's Magic Scroll Shop.
 32963 | Orc:2    | Bought a potion of curing for 51 gold pieces
 32963 | Orc:2    | Bought a potion of curing for 51 gold pieces
 32963 | Orc:2    | Bought a potion of cancellation for 136 gold pieces
 32963 | Orc:2    | Bought a potion of curing for 51 gold pieces
 32963 | Orc:2    | Bought a potion of curing for 51 gold pieces
 32963 | Orc:2    | Bought a potion of ambrosia for 136 gold pieces
 32963 | Orc:2    | Bought a potion of resistance for 170 gold pieces
 32976 | Orc:2    | Bought 3 scrolls of acquirement for 1872 gold pieces
 32979 | Orc:2    | Acquired a book of the Earth
 32988 | Orc:2    | Learned a level 6 spell: Iron Shot
 32989 | Orc:2    | Acquired 1119 gold pieces
 32991 | Orc:2    | Acquired 875 gold pieces
 32996 | Orc:2    | Bought a scroll of teleportation for 36 gold pieces
 32996 | Orc:2    | Bought a scroll of holy word for 90 gold pieces
 32996 | Orc:2    | Bought a scroll of identify for 24 gold pieces
 32996 | Orc:2    | Bought a scroll of identify for 24 gold pieces
 33024 | Orc:2    | Found a roughly hewn altar of Beogh.
 33113 | Orc:2    | Found Ycola's Weapon Emporium.
 33113 | Orc:2    | Found Qylienai's Distillery.
 33374 | Orc:2    | Bought a potion of invisibility for 96 gold pieces
 33374 | Orc:2    | Bought a potion of heal wounds for 60 gold pieces
 33374 | Orc:2    | Bought a potion of curing for 36 gold pieces
 33374 | Orc:2    | Bought a potion of curing for 36 gold pieces
 33374 | Orc:2    | Bought a potion of magic for 96 gold pieces
 33374 | Orc:2    | Bought a potion of brilliance for 48 gold pieces
 33374 | Orc:2    | Bought a potion of heal wounds for 60 gold pieces
 33820 | D:15     | Entered Level 15 of the Dungeon
 34005 | D:15     | Found a staircase to the Depths.
 34237 | D:15     | Noticed Kirke
 34252 | D:15     | Killed Kirke
 35139 | D:15     | Noticed Roxanne
 35160 | D:15     | Killed Roxanne
 35161 | D:15     | Reached skill level 1 in Fire Magic
 35593 | Swamp:1  | Entered Level 1 of the Swamp
 36767 | Swamp:2  | Reached ****** piety under Vehumet
 36771 | Swamp:2  | Offered knowledge of Starburst by Vehumet.
 37035 | Swamp:1  | Learned a level 6 spell: Starburst
 37324 | Swamp:2  | Reached skill level 10 in Evocations
 38149 | Swamp:3  | Reached XP level 17. HP: 89/106 MP: 14/32
 38827 | Swamp:3  | Reached skill level 12 in Fighting
 38827 | Swamp:3  | Reached skill level 5 in Fire Magic
 39425 | Swamp:3  | Noticed a tentacled monstrosity
 39462 | Swamp:3  | Killed a tentacled monstrosity
 39861 | Swamp:3  | Acquired 1050 gold pieces
 40622 | Swamp:3  | Offered knowledge of Fireball by Vehumet.
 41037 | Swamp:3  | Learned a level 5 spell: Fireball
 41079 | Swamp:4  | Entered Level 4 of the Swamp
 41751 | Swamp:3  | Reached skill level 10 in Dodging
 43237 | Swamp:4  | Reached XP level 18. HP: 44/112 MP: 27/33
 43944 | Swamp:4  | Reached skill level 15 in Earth Magic
 44420 | Swamp:4  | Offered knowledge of Lehudib's Crystal Spear by Vehumet.
 44667 | Swamp:4  | Got a decaying rune of Zot
 44922 | Spider:1 | Entered Level 1 of the Spider Nest
 45512 | Spider:1 | Identified the +1 kite shield "Hin Ytare" {Str+3}
 45512 | Spider:1 | Noticed Donald
 45529 | Spider:1 | Killed Donald
 45529 | Spider:1 | Noticed Louise
 45548 | Spider:1 | Killed Louise
 45549 | Spider:1 | Reached skill level 13 in Fighting
 46188 | Spider:1 | Found a transporter.
 46188 | Spider:1 | Found a transporter.
 48558 | Spider:3 | Offered knowledge of Fire Storm by Vehumet.
 48558 | Spider:3 | Offered knowledge of Ignition by Vehumet.
 48558 | Spider:3 | Offered knowledge of Absolute Zero by Vehumet.
 48717 | Spider:3 | Reached XP level 19. HP: 114/119 MP: 22/35
 48877 | Spider:3 | Reached skill level 10 in Fire Magic
 49810 | Spider:4 | Entered Level 4 of the Spider Nest
 50104 | Spider:3 | Learned a level 8 spell: Ignition
 51998 | Spider:4 | Got a gossamer rune of Zot
 52465 | Vaults:1 | Entered Level 1 of the Vaults
 53177 | Vaults:1 | Identified the +0 kite shield of Joy {Will+ Str+4 Dex+3}
 53177 | Vaults:1 | Noticed Asterion
 53371 | Vaults:1 | Killed Asterion
 53408 | Vaults:1 | Reached XP level 20. HP: 61/124 MP: 15/36
 53717 | Vaults:1 | Found Hoezeol's Weapon Emporium.
 55279 | Elf:1    | Entered Level 1 of the Elven Halls
 56414 | Elf:1    | You are sucked into a shaft and drop 1 floor!
 56453 | Elf:2    | Noticed Saint Roka
 56459 | Elf:2    | HP: 1/126 [Saint Roka/divine providence (14)]
 56460 | Elf:2    | Killed Saint Roka
 57222 | Orc:2    | Bought a scroll of teleportation for 36 gold pieces
 57222 | Orc:2    | Bought a scroll of teleportation for 36 gold pieces
 57505 | Elf:1    | Reached XP level 21. HP: 82/131 MP: 5/37
 57704 | Elf:1    | Identified the ring "Saef" {Wiz Int+7}
 58425 | Elf:2    | Identified the ring "Qudef" {rElec rN+ Str+6 Int+4}
 58444 | Elf:2    | Reached skill level 14 in Fighting
 58741 | Elf:2    | Found Umadur's Magic Scroll Boutique.
 58763 | Elf:2    | Bought a scroll of identify for 40 gold pieces
 58763 | Elf:2    | Bought a scroll of enchant armour for 150 gold pieces
 58936 | Elf:2    | Found a runed translucent gate.
 58936 | Elf:2    | Found a runed translucent gate.
 58937 | Elf:2    | Found a runed translucent gate.
 59225 | Elf:2    | Identified the Volume of Dhcmrlchtdj
 59304 | Elf:2    | Identified the Grimoire of Sand
 59315 | Elf:2    | Identified Ts'ui Pên's Catalogue of Forking Paths
 59402 | Elf:3    | Entered Level 3 of the Elven Halls
 60674 | Elf:3    | Identified the +9 lajatang of the Baking Sybil {speed, rF+}
 60674 | Elf:3    | Identified the +2 leather armour of Paranoia {rC+ Int-3
                  | Slay+3}
 60686 | Elf:3    | Identified the +10 dagger "Earthworm" {drain, Str+2 Dex+6}
 60686 | Elf:3    | Identified the +3 long sword of Zaqyojy {vorpal, Str+3}
 60686 | Elf:3    | Identified the +3 leather armour "Equl" {rElec}
 60686 | Elf:3    | Identified the ring "Pekaruil" {+Fly rF+ Will+}
 60687 | Elf:3    | Identified the +10 spear of Urgency {venom, Int+3}
 60687 | Elf:3    | Identified the amulet "Niomuapn" {Reflect Int+7 Slay-4
                  | SH+5}
 60700 | Elf:3    | Reached skill level 15 in Fire Magic
 61154 | Elf:3    | Found the +6 arbalest "Damnation" {damnation}
 61186 | Elf:3    | Identified the +0 cloak of the Evil One {Harm rElec rF+
                  | Will+ Dex-4}
 61212 | Elf:3    | Identified the +10 war axe "Dac Onne" {vorpal, *Noise
                  | +Blink rN+++ Dex+2} (You took it off a deep elf archer on
                  | level 3 of the Elven Halls)
 61282 | Elf:3    | Identified the Handbook of the Centipede
 61314 | Elf:3    | Identified the +0 tower shield "Toning" {Will+++ rCorr
                  | Str-2 Dex+3}
 61763 | Vaults:2 | Reached skill level 15 in Conjurations
 61906 | Vaults:2 | Noticed Mara
 61920 | Vaults:2 | Killed Mara
 62277 | Vaults:2 | Reached XP level 22. HP: 122/138 MP: 39/39
 62294 | Vaults:2 | Learned a level 9 spell: Shatter
 62493 | Vaults:2 | Noticed Mennas
 62562 | Vaults:2 | Killed Mennas
 62962 | Vaults:2 | Noticed Boris
 62969 | Vaults:2 | Killed Boris
 63755 | Vaults:2 | Found a staircase to the Crypt.
 64759 | Vaults:3 | Found Zelok's Book Shoppe.
 64851 | Vaults:3 | Found Fiedem's Armour Emporium.
 64854 | Vaults:3 | Bought a scarf of resistance for 576 gold pieces
 64879 | Vaults:3 | Found Pikooh's Distillery.
 64912 | Vaults:3 | Bought a potion of might for 44 gold pieces
 64912 | Vaults:3 | Bought 2 potions of cancellation for 176 gold pieces
 64912 | Vaults:3 | Bought a potion of invisibility for 88 gold pieces
 64912 | Vaults:3 | Bought a potion of curing for 33 gold pieces
 65267 | Vaults:3 | Reached skill level 15 in Fighting
 65385 | Vaults:3 | Found Ibuafete's Weapon Emporium.
 65425 | Vaults:3 | Found Jowubbye's Weapon Emporium.
 65616 | Vaults:3 | Noticed Frederick
 65620 | Vaults:3 | Killed Frederick
 66891 | Vaults:4 | Reached XP level 23. HP: 99/144 MP: 32/40
 68667 | Vaults:5 | Entered Level 5 of the Vaults
 68676 | Vaults:5 | Noticed a golden dragon
 68751 | Vaults:5 | Killed a golden dragon
 68975 | Vaults:5 | Noticed a dread lich
 68978 | Vaults:5 | Reached XP level 24. HP: 96/152 MP: 30/41
 68979 | Vaults:5 | Killed a dread lich
 68980 | Vaults:5 | Noticed a dread lich
 68982 | Vaults:5 | Noticed an ancient lich
 69203 | Vaults:5 | Reached skill level 16 in Fighting
 69203 | Vaults:5 | Killed a dread lich
 69203 | Vaults:5 | Killed an ancient lich
 69212 | Vaults:5 | Noticed an ancient lich
 69383 | Vaults:5 | Killed an ancient lich
 69401 | Vaults:5 | Reached skill level 15 in Maces & Flails
 69542 | Vaults:5 | Acquired a +1 pair of gloves of strength
 69956 | Vaults:5 | Identified the Incunabulum of the Excruciating Volcanoes
 70004 | Vaults:5 | Identified the +10 trident "Ujiotuq" {vorpal, rElec rN+
                  | Str+4}
 70192 | Vaults:5 | Got a silver rune of Zot
 70536 | Vaults:5 | Identified the +4 hand axe "Taunki" {venom, *Noise Will+
                  | Str+4}
 70634 | Vaults:5 | Identified the +12 trident of Oshib {vamp, rC+ Str+2}
 70634 | Vaults:5 | Identified the +8 hunting sling of Xuobrimm {vorpal, rF+
                  | rN+ SInv}
 70650 | Vaults:5 | Identified the +6 glaive "Lirchuh" {holy, rC+ Int+6}
 70742 | Vaults:5 | Identified the Volume of Doomed Ignition
 70748 | Vaults:5 | Identified the Papyrus of Dusty Calling
 70752 | Vaults:5 | Identified the Catalogue of the Igneous Oath
 71113 | Vaults:5 | Acquired 1013 gold pieces
 71117 | Vaults:5 | Acquired a book of Annihilations
 71119 | Vaults:5 | Acquired 868 gold pieces
 71236 | Crypt:1  | Entered Level 1 of the Crypt
 71568 | Crypt:1  | You are sucked into a shaft and drop 1 floor!
 71730 | Crypt:2  | Reached XP level 25. HP: 139/159 MP: 41/41
 71800 | Crypt:1  | Noticed Boris
 71803 | Crypt:1  | Killed Boris
 71835 | Crypt:1  | Noticed Khufu
 71839 | Crypt:1  | Noticed a royal mummy
 71842 | Crypt:1  | Noticed a royal mummy
 71843 | Crypt:1  | Killed Khufu
 72204 | Crypt:1  | Killed a royal mummy
 72477 | Crypt:1  | Killed a royal mummy
 73128 | Crypt:2  | Reached skill level 15 in Spellcasting
 73998 | Crypt:3  | Entered Level 3 of the Crypt
 74894 | Crypt:3  | Found an ancient bone altar of Kikubaaqudgha.
 74894 | Crypt:3  | Noticed Xtahua
 74895 | Crypt:3  | Noticed Boris
 74900 | Crypt:3  | Killed Xtahua
 74902 | Crypt:3  | Killed Boris
 74925 | Crypt:3  | Identified the +10 demon blade "Josuutsu" {vamp, *Rage
                  | Will++ Str+9 Dex+4}
 75236 | Crypt:3  | Reached skill level 17 in Fighting
 75256 | Crypt:3  | Noticed a royal mummy
 75766 | Crypt:3  | Killed a royal mummy
 75767 | Crypt:3  | Reached XP level 26. HP: 126/166 MP: 7/42
 76150 | Crypt:3  | Found a staircase to the Tomb.
 76620 | Depths:1 | Entered Level 1 of the Depths
 77752 | Depths:1 | Found a snail-covered altar of Cheibriados.
 79247 | Depths:2 | Reached skill level 18 in Fighting
 79264 | Depths:2 | Found Romnasoh's Armour Shoppe.
 79831 | Depths:2 | Identified the Handbook of Fiery Companions
 79897 | Depths:2 | Upgraded the game from 0.27-a0-475-g4587593e40 to
                  | 0.27-a0-492-ga4bb394fd4
 79936 | Depths:3 | Reached XP level 27. HP: 171/173 MP: 17/43
 80835 | Depths:3 | Noticed an ancient lich
 80839 | Depths:3 | Killed an ancient lich
 81343 | Depths:3 | Found a one-way gate leading to the halls of Pandemonium.
 81406 | Depths:4 | Reached skill level 15 in Dodging
 82183 | Depths:4 | Found a gateway to a ziggurat.
 82684 | Depths:4 | Reached skill level 19 in Fighting
 82833 | Depths:4 | Noticed Boris
 82838 | Depths:4 | Killed Boris
 83251 | Depths:4 | Noticed a juggernaut
 83254 | Depths:4 | Killed a juggernaut
 83264 | Depths:4 | Noticed a juggernaut
 83264 | Depths:4 | Noticed a juggernaut
 83269 | Depths:4 | Killed a juggernaut
 83270 | Depths:4 | Killed a juggernaut
 83284 | Depths:4 | Identified the amulet "Seadonuf" {Spirit Int+4 Stlth+} (You
                  | took it off a frost giant on level 4 of the Depths)
 83290 | Depths:4 | Noticed a juggernaut
 83808 | Depths:4 | Killed a juggernaut
 84379 | Elf:2    | Bought a scroll of enchant armour for 150 gold pieces
 84379 | Elf:2    | Bought a scroll of identify for 40 gold pieces
 84714 | D:13     | You paid a toll of +3 shadow dragon scales to enter a
                  | treasure trove
 84715 | Trove    | Entered a treasure trove
 84729 | Trove    | Identified the +4 robe of Disaster {MP+9 Int+2}
 84760 | Trove    | Identified the amulet "Ufupa" {RegenMP rC+ Str-4 Stlth+}
 84762 | Trove    | Identified the amulet of Bifomim {Spirit Fragile Str+4
                  | Dex+4}
 84764 | Trove    | Identified the amulet of the Komtur {Acrobat Str+4}
 84766 | Trove    | Identified the amulet of Freedom {Acrobat Str+4 Dex+2}
 85296 | Depths:5 | Entered Level 5 of the Depths
 86020 | Depths:5 | Reached skill level 20 in Fighting
 87255 | Depths:5 | Found a gate to the Realm of Zot.
 87523 | Zig:1    | Entered Level 1 of a ziggurat
 87533 | Zig:1    | Learned a level 8 spell: Necromutation
 87544 | Zig:1    | Reached skill level 1 in Transmutations
 87556 | Zig:2    | Entered Level 2 of a ziggurat
 87571 | Zig:2    | Identified the +4 chain mail of Majestic Mirth {rC+ rN+
                  | MP+9}
 87578 | Zig:3    | Entered Level 3 of a ziggurat
 87582 | Zig:3    | Reached skill level 1 in Necromancy
 87582 | Zig:3    | Noticed Vuddywiv the pandemonium lord
 87588 | Zig:3    | Killed Vuddywiv the pandemonium lord
 87979 | Zig:3    | Learned a level 9 spell: Fire Storm
 87995 | Zig:4    | Entered Level 4 of a ziggurat
 87998 | Zig:4    | Noticed Costag the pandemonium lord
 88006 | Zig:4    | Killed Costag the pandemonium lord
 88206 | Zig:4    | Identified the ring of Kyepeolu {Will+ rCorr Str+9 Int-3
                  | Dex-5}
 88209 | Zig:4    | Identified the Almanac of Poisonous Translocation
 88217 | Zig:5    | Entered Level 5 of a ziggurat
 88243 | Zig:5    | Identified the ring "Tupsajut" {MP+9 Dex+2 Slay+3}
 88250 | Zig:6    | Entered Level 6 of a ziggurat
 88255 | Zig:6    | Noticed a royal mummy
 88258 | Zig:6    | Killed a royal mummy
 88570 | Zig:7    | Entered Level 7 of a ziggurat
 88582 | Zig:7    | Found the +7 pair of quick blades "Gyre" and "Gimble"
                  | {protect}
 88616 | Zig:7    | Identified the +5 tower shield of the Secret Prophets
                  | {-Cast rPois rN+} (You took it off a daeva on level 7 of a
                  | ziggurat)
 88624 | Zig:7    | Identified the Handbook of Ashen Shape Shifting
 88630 | Zig:8    | Entered Level 8 of a ziggurat
 88637 | Zig:8    | Reached skill level 5 in Transmutations
 88639 | Zig:8    | Reached skill level 5 in Necromancy
 88648 | Zig:8    | Identified the +7 trident of Responsibility {vorpal, *Slow
                  | rF+ rN+ Dex+8 Stlth-}
 88661 | Zig:9    | Entered Level 9 of a ziggurat
 88678 | Zig:9    | Identified the +11 falchion of Fedhas {vorpal, +Rage Int+2}
 88698 | Zig:10   | Entered Level 10 of a ziggurat
 88725 | Zig:10   | Identified the +8 quarterstaff "Earthworm" {vorpal, rElec
                  | rN+}
 88877 | Zig:11   | Entered Level 11 of a ziggurat
 88886 | Zig:11   | Found the +9 staff of Wucad Mu {*channel}
 88886 | Zig:11   | Found the +8 Wrath of Trog {antimagic, *Rage}
 88939 | Zig:11   | Identified the +0 scale mail "Ywnudi" {rF++ MP+9}
 88953 | Zig:11   | Identified the +5 great sword of Dissent {vorpal, *Noise
                  | rPois Str+4 Dex+6}
 89000 | Zig:12   | Entered Level 12 of a ziggurat
 89018 | Zig:12   | Found the +8 autumn katana {vorpal, Clar}
 89041 | Zig:12   | Identified the Incunabulum of Dusty Ignition
 89052 | Zig:12   | Identified the +4 pair of gloves of Analysis {Will+ Int+3}
 89145 | Zig:13   | Entered Level 13 of a ziggurat
 89153 | Zig:13   | Noticed an orb of fire
 89154 | Zig:13   | Noticed an orb of fire
 89155 | Zig:13   | Noticed an orb of fire
 89159 | Zig:13   | Killed an orb of fire
 89159 | Zig:13   | Killed an orb of fire
 89163 | Zig:13   | Reached skill level 10 in Necromancy
 89167 | Zig:13   | Killed an orb of fire
 89583 | Zig:13   | Identified the ring "Ykiegafu" {Wiz *Slow rElec Dex+3}
 89593 | Zig:13   | Identified the Incunabulum of Fetching Transmutation
 89600 | Zig:14   | Entered Level 14 of a ziggurat
 89606 | Zig:14   | Noticed a juggernaut
 89608 | Zig:14   | Noticed a juggernaut
 89608 | Zig:14   | Noticed a juggernaut
 89611 | Zig:14   | Killed a juggernaut
 89611 | Zig:14   | Killed a juggernaut
 89612 | Zig:14   | Killed a juggernaut
 89613 | Zig:14   | Reached skill level 10 in Transmutations
 89627 | Zig:14   | Identified the +6 morningstar of the Glimmering Wolf
                  | {speed, rPois Dex+3}
 89628 | Zig:14   | Identified the +10 plate armour of Time Monsters {rPois rF+
                  | rN+}
 89629 | Zig:14   | Identified the +0 hat of Freezing Lucidity {Str+2}
 89731 | Zig:15   | Entered Level 15 of a ziggurat
 89761 | Zig:15   | Identified the amulet "Zuzoof" {Reflect rElec rF++ rN+
                  | Will- SH+5}
 89768 | Zig:15   | Identified the +12 rapier of Ru's Whim {freeze, +Blink
                  | Dex+4}
 89771 | Zig:15   | Identified Ibikuloa's Compendium of Captivating Poison
 89776 | Zig:15   | Identified the ring "Zuarphyrr" {Wiz +Blink rF+ Dex-5}
 90030 | Zig:16   | Entered Level 16 of a ziggurat
 90041 | Zig:16   | Noticed Achesop the pandemonium lord
 90049 | Zig:16   | Killed Achesop the pandemonium lord
 90286 | Zig:16   | Identified the ring of Didazxah {AC+4 Int+2}
 90299 | Zig:16   | Identified the +8 scimitar of Yfekoeq {freeze, rPois rF+
                  | Str+3}
 90312 | Zig:17   | Entered Level 17 of a ziggurat
 90320 | Zig:17   | Noticed a royal mummy
 90324 | Zig:17   | Noticed a royal mummy
 90325 | Zig:17   | Killed a royal mummy
 90326 | Zig:17   | Noticed a royal mummy
 90329 | Zig:17   | Killed a royal mummy
 90330 | Zig:17   | Killed a royal mummy
 90624 | Zig:18   | Entered Level 18 of a ziggurat
 90635 | Zig:18   | Noticed an ancient lich
 90642 | Zig:18   | Killed an ancient lich
 90643 | Zig:18   | Reached skill level 21 in Fighting
 90643 | Zig:18   | Noticed an ancient lich
 90645 | Zig:18   | Killed an ancient lich
 90676 | Zig:18   | Identified the +0 pair of gloves "Visirr" {rC+++ rCorr
                  | Dex-3 Stlth+}
 90699 | Zig:18   | Identified the +6 rapier of the Shimmering Goat {flame,
                  | +Rage rC+ Int+4}
 90705 | Zig:18   | Identified the +8 shortbow of Ashenzari's Reproof {flame,
                  | Stlth+}
 90717 | Zig:19   | Entered Level 19 of a ziggurat
 90828 | Zig:19   | Identified Sedwuont's Guide on the Warped Entourage
 90931 | Zig:20   | Entered Level 20 of a ziggurat
 90977 | Zig:20   | Identified the +5 short sword "Ogreslayer" {venom, rC+}
 91006 | Zig:20   | Identified the +2 hunting sling of Taxation {freeze,
                  | *Corrode rPois rN++ Int+4}
 91009 | Zig:20   | Identified the +15 storm dragon scales "Inloan" {rElec MP+9
                  | Dex+4 Slay+2}
 91074 | Zig:21   | Entered Level 21 of a ziggurat
 91087 | Zig:21   | Reached skill level 22 in Fighting
 91090 | Zig:21   | Gained mutation: Your body sometimes deteriorates upon
                  | taking damage. [a cacodemon]
 91091 | Zig:21   | Noticed Tyach the pandemonium lord
 91126 | Zig:21   | Killed Tyach the pandemonium lord
 91577 | Zig:21   | Identified the Guide on Clay
 91603 | Zig:22   | Entered Level 22 of a ziggurat
 91614 | Zig:22   | Noticed a dread lich
 91617 | Zig:22   | Noticed a dread lich
 91619 | Zig:22   | Reached skill level 23 in Fighting
 91619 | Zig:22   | Killed a dread lich
 91620 | Zig:22   | Killed a dread lich
 91952 | Zig:22   | Identified the amulet "Iruth" {RegenMP Str+3}
 91969 | Zig:22   | Identified the +6 great sword of the Warrior {vorpal, Str+4
                  | SInv}
 91976 | Zig:22   | Identified the amulet of Ephemeral Luck {Reflect Int+4
                  | Dex+3 SH+5}
 91978 | Zig:22   | Identified the +10 plate armour of the Comet {rPois Will+
                  | Str-2}
 91987 | Zig:22   | Identified the +5 hunting sling of Makhleb's Whim {venom,
                  | rElec rPois Will+ Int+3}
 91988 | Zig:22   | Identified the +1 buckler of the Harp {+Fly Int+2 Dex-2}
 91996 | Zig:22   | Identified the +8 plate armour of Sufficient the Good
                  | {rElec Int+2 Dex+7}
 92008 | Zig:22   | Upgraded the game from 0.27-a0-492-ga4bb394fd4 to
                  | 0.27-a0-531-gb72ec1a1b6
 92009 | Zig:23   | Entered Level 23 of a ziggurat
 92024 | Zig:23   | Reached skill level 24 in Fighting
 92138 | Zig:23   | Found the +5 scythe "Finisher" {speed, eviscerate}
 92149 | Zig:23   | Identified the +5 flail "Xailuahu" {venom, rElec Int+4
                  | Dex+2 SInv}
 92161 | Zig:23   | Identified the +0 robe "Hany" {Int+3 Dex+5}
 92162 | Zig:23   | Identified the ring of Luphagah {+Fly rPois rF+ Dex+2}
 92178 | Zig:23   | Identified the amulet "Lurehiq" {Reflect rF+ SH+5 SInv}
 92186 | Zig:23   | Identified the amulet "Kuliacwi" {Reflect rF+ Int+5 SH+5}
 92189 | Zig:23   | Identified the amulet of Lady Luck {RegenMP SInv}
 92207 | Zig:24   | Entered Level 24 of a ziggurat
 92225 | Zig:24   | Reached skill level 25 in Fighting
 92238 | Zig:24   | Found the ring of the Hare {EV+8}
 92251 | Zig:24   | Identified the +8 war axe of Makhleb's Wrath {vorpal, rF+
                  | Int+4}
 92257 | Zig:24   | Identified the +9 shortbow of Midwinter {flame, rPois Str+5
                  | Dex+4}
 92366 | Zig:24   | Acquired the +10 mace "Onuphox" {vorpal, *Contam rF+++ MP+9
                  | Int+2}
 92381 | Zig:24   | Identified the +3 tower shield "Odisopra" {rC+ Int+4}
 92384 | Zig:25   | Entered Level 25 of a ziggurat
 92391 | Zig:25   | Noticed a royal mummy
 92392 | Zig:25   | Noticed a royal mummy
 92396 | Zig:25   | Noticed a royal mummy
 92397 | Zig:25   | Noticed a royal mummy
 92398 | Zig:25   | Noticed a royal mummy
 92399 | Zig:25   | Noticed a royal mummy
 92399 | Zig:25   | Noticed a royal mummy
 92399 | Zig:25   | Noticed a royal mummy
 92400 | Zig:25   | Noticed a royal mummy
 92400 | Zig:25   | Noticed a royal mummy
 92400 | Zig:25   | Noticed a royal mummy
 92400 | Zig:25   | Killed a royal mummy
 92400 | Zig:25   | Killed a royal mummy
 92400 | Zig:25   | Killed a royal mummy
 92401 | Zig:25   | Killed a royal mummy
 92401 | Zig:25   | Killed a royal mummy
 92401 | Zig:25   | Killed a royal mummy
 92402 | Zig:25   | Killed a royal mummy
 92402 | Zig:25   | Killed a royal mummy
 92402 | Zig:25   | Killed a royal mummy
 92402 | Zig:25   | Noticed a royal mummy
 92403 | Zig:25   | Killed a royal mummy
 92405 | Zig:25   | Noticed a royal mummy
 92406 | Zig:25   | Killed a royal mummy
 92407 | Zig:25   | Reached skill level 26 in Fighting
 92408 | Zig:25   | Killed a royal mummy
 92409 | Zig:25   | Killed a royal mummy
 92644 | Zig:25   | Identified the amulet "Lagor" {*Drain rC+ rN+ Regen+ Int+4}
 92646 | Zig:25   | Identified Sif Muna's Tome of Hexes
 92648 | Zig:25   | Identified the +1 chain mail of Miracles {rPois rCorr MP+9}
 92654 | Zig:25   | Identified the amulet "Vicuwnas" {Faith Will++}
 92655 | Zig:25   | Identified the Collected Works on Supportive Stones
 92660 | Zig:25   | Identified the +5 scale mail of the Lute {rN+ Dex+4}
 92661 | Zig:25   | Identified the ring of Mistrust {rC+ Int+5 SInv}
 92664 | Zig:25   | Identified the +6 broad axe "Goblin's Funeral" {drain, rF+
                  | Will+}
 92673 | Zig:26   | Entered Level 26 of a ziggurat
 92704 | Zig:26   | Reached skill level 27 in Fighting
 92960 | Zig:26   | Identified the Compendium of the Shifting Volcanoes
 92964 | Zig:26   | Identified the Disquisition on Venomous Moulding
 92969 | Zig:26   | Identified the +7 halberd "Icraas" {distort, rElec Str+2
                  | Dex+4}
 92985 | Zig:26   | Identified the +9 great mace "Atzud" {freeze, Int+4}
 93026 | Zig:27   | Entered Level 27 of a ziggurat
 93033 | Zig:27   | Noticed a royal mummy
 93033 | Zig:27   | Noticed a royal mummy
 93034 | Zig:27   | Noticed a royal mummy
 93035 | Zig:27   | Noticed a royal mummy
 93037 | Zig:27   | Noticed a royal mummy
 93037 | Zig:27   | Noticed a royal mummy
 93039 | Zig:27   | Noticed a royal mummy
 93039 | Zig:27   | Noticed a royal mummy
 93041 | Zig:27   | Killed a royal mummy
 93041 | Zig:27   | Killed a royal mummy
 93041 | Zig:27   | Killed a royal mummy
 93041 | Zig:27   | Killed a royal mummy
 93042 | Zig:27   | Killed a royal mummy
 93043 | Zig:27   | Killed a royal mummy
 93043 | Zig:27   | Killed a royal mummy
 93043 | Zig:27   | Killed a royal mummy
 93044 | Zig:27   | Noticed a royal mummy
 93044 | Zig:27   | Noticed a royal mummy
 93047 | Zig:27   | Noticed a royal mummy
 93048 | Zig:27   | Killed a royal mummy
 93048 | Zig:27   | Killed a royal mummy
 93048 | Zig:27   | Noticed a royal mummy
 93051 | Zig:27   | Killed a royal mummy
 93051 | Zig:27   | Killed a royal mummy
 93440 | Zig:27   | Acquired 865 gold pieces
 93458 | Zig:27   | Identified the ring "Junufo" {Ice MP+9 Str+3 Int-5}
 93460 | Zig:27   | Identified the +1 scale mail of Emeisay {rElec rF++ Slay-6
                  | SInv}
 93461 | Zig:27   | Identified the +1 leather armour "Naridi" {rC+ Will+++
                  | Str-4}
 93641 | D:15     | Learned a level 9 spell: Absolute Zero
 93651 | D:15     | Learned a level 9 spell: Tornado
 93652 | Zig:1    | Entered Level 1 of a ziggurat
 93680 | Zig:2    | Entered Level 2 of a ziggurat
 93684 | Zig:2    | Reached skill level 1 in Ice Magic
 93686 | Zig:2    | Reached skill level 1 in Air Magic
 93737 | Zig:3    | Entered Level 3 of a ziggurat
 93776 | Zig:4    | Entered Level 4 of a ziggurat
 93819 | Zig:5    | Entered Level 5 of a ziggurat
 93851 | Zig:6    | Entered Level 6 of a ziggurat
 93859 | Zig:6    | Reached skill level 5 in Ice Magic
 93860 | Zig:6    | Noticed Kowniw the pandemonium lord
 93864 | Zig:6    | Killed Kowniw the pandemonium lord
 93865 | Zig:6    | Reached skill level 5 in Air Magic
 93937 | Zig:7    | Entered Level 7 of a ziggurat
 93955 | Zig:7    | Identified the ring of Peace {*Drain rN+ Str+2 Dex+8
                  | Stlth-}
 93965 | Zig:7    | Identified the +6 arbalest of Wimif {penet, Stlth+}
 94007 | Zig:8    | Entered Level 8 of a ziggurat
 94012 | Zig:8    | Identified the +0 buckler of the Pit {*Corrode rC+ Int+2
                  | Dex+2}
 94388 | Zig:8    | Identified the +7 shortbow of the King {flame, rC+ Will+
                  | Stlth+}
 94407 | Zig:8    | Identified the +1 mace "Giosuqu" {venom, Int+4}
 94411 | Zig:9    | Entered Level 9 of a ziggurat
 94419 | Zig:9    | Reached skill level 10 in Ice Magic
 94643 | Zig:9    | Identified the +8 shortbow of Foahapir {flame, rC+ Int+2
                  | Dex-3}
 94650 | Zig:10   | Entered Level 10 of a ziggurat
 94654 | Zig:10   | Noticed Egyxt the pandemonium lord
 94660 | Zig:10   | Killed Egyxt the pandemonium lord
 94722 | Zig:11   | Entered Level 11 of a ziggurat
 94730 | Zig:11   | Noticed a dread lich
 94730 | Zig:11   | Noticed an ancient lich
 94732 | Zig:11   | Killed a dread lich
 94732 | Zig:11   | Killed an ancient lich
 94839 | Zig:11   | Identified the Grimoire of Ghastly Snow
 94844 | Zig:12   | Entered Level 12 of a ziggurat
 94851 | Zig:12   | Reached skill level 10 in Air Magic
 94859 | Zig:12   | Found the +0 pair of fencer's gloves {Riposte Dex+3}
 94892 | Zig:12   | Identified the ring of Creativity {Fire +Fly rElec Slay+5}
 94897 | Zig:12   | Identified the amulet of Wu Jian's Delight {Spirit rC+ MP-9
                  | SInv}
 94922 | Zig:13   | Entered Level 13 of a ziggurat
 95075 | Zig:13   | Identified the amulet of Odaats Goigg {RegenMP rPois Will+
                  | Dex+2}
 95083 | Zig:13   | Identified the Collected Works on Creation
 95094 | Zig:14   | Entered Level 14 of a ziggurat
 95101 | Zig:14   | Noticed Sobuoh's ghost (legendary GrEE)
 95101 | Zig:14   | Noticed Umoqal's ghost (legendary DEEE)
 95102 | Zig:14   | Noticed Muffal's ghost (legendary FoFi)
 95102 | Zig:14   | Noticed Qumaaz's ghost (legendary HuIE)
 95102 | Zig:14   | Noticed Saonuxt's ghost (legendary DsFi)
 95102 | Zig:14   | Noticed Wougrad's ghost (legendary GrEE)
 95103 | Zig:14   | Noticed Muffal's ghost (legendary FoFi)
 95104 | Zig:14   | Noticed Icuofef's ghost (veteran SpEn)
 95105 | Zig:14   | Noticed Gyofeun's ghost (legendary FoFi)
 95108 | Zig:14   | Killed Icuofef's ghost
 95109 | Zig:14   | Killed Saonuxt's ghost
 95109 | Zig:14   | Killed Wougrad's ghost
 95109 | Zig:14   | Killed Umoqal's ghost
 95110 | Zig:14   | Reached skill level 15 in Ice Magic
 95110 | Zig:14   | Killed Gyofeun's ghost
 95110 | Zig:14   | Killed Muffal's ghost
 95110 | Zig:14   | Killed Sobuoh's ghost
 95110 | Zig:14   | Killed Muffal's ghost
 95112 | Zig:14   | Killed Qumaaz's ghost
 95490 | Zig:14   | Identified the ring of Septiv {Will++ Str+6 Dex-2 Slay+5}
 95503 | Zig:14   | Identified the +1 robe "Keim Wanee" {Dex+4}
 95516 | Zig:14   | Identified the ring of Logorost {rPois rF+ rN+ Slay-3}
 95530 | Zig:15   | Entered Level 15 of a ziggurat
 95607 | Zig:15   | Identified the Incunabulum of Frigorific Orientation
 95610 | Zig:15   | Identified the +6 dagger of Conformity {venom, +Inv}
 95611 | Zig:15   | Identified the Almanac of the Arsonist and Intoxication
 95618 | Zig:16   | Entered Level 16 of a ziggurat
 95626 | Zig:16   | Noticed a dread lich
 95627 | Zig:16   | Noticed a dread lich
 95627 | Zig:16   | Noticed an ancient lich
 95629 | Zig:16   | Killed a dread lich
 95630 | Zig:16   | Killed a dread lich
 95630 | Zig:16   | Killed an ancient lich
 95680 | Zig:16   | Identified the +5 chain mail of Wutacur {-Tele rPois
                  | Int+10}
 95682 | Zig:16   | Identified the +6 trident "Seicwes" {distort, *Slow Int+6}
 95704 | Zig:16   | Acquired a manual of Hexes
 95708 | Zig:16   | Acquired 858 gold pieces
 95725 | Zig:17   | Entered Level 17 of a ziggurat
 95731 | Zig:17   | Noticed Nag Touru the pandemonium lord
 95731 | Zig:17   | Noticed Qeipoyng the pandemonium lord
 95731 | Zig:17   | Noticed Mosist the pandemonium lord
 95732 | Zig:17   | Noticed Juesocvenast the pandemonium lord
 95732 | Zig:17   | Noticed Mokieh the pandemonium lord
 95733 | Zig:17   | Noticed Ynyacry the pandemonium lord
 95733 | Zig:17   | Noticed Gelocac the pandemonium lord
 95733 | Zig:17   | Noticed Hulof the pandemonium lord
 95733 | Zig:17   | Noticed Raad Epne the pandemonium lord
 95733 | Zig:17   | Noticed Qamatuaffih the pandemonium lord
 95733 | Zig:17   | Noticed Mefokera the pandemonium lord
 95733 | Zig:17   | Noticed Yredusih the pandemonium lord
 95733 | Zig:17   | Noticed Qunul Keddy the pandemonium lord
 95733 | Zig:17   | Noticed Dofoidas the pandemonium lord
 95734 | Zig:17   | Found the +2 hood of the Assassin {Detection Stab+ Stlth++}
 95737 | Zig:17   | Killed Qunul Keddy the pandemonium lord
 95737 | Zig:17   | Killed Mosist the pandemonium lord
 95738 | Zig:17   | Killed Qamatuaffih the pandemonium lord
 95738 | Zig:17   | Killed Mokieh the pandemonium lord
 95738 | Zig:17   | Killed Nag Touru the pandemonium lord
 95739 | Zig:17   | Killed Dofoidas the pandemonium lord
 95739 | Zig:17   | Killed Yredusih the pandemonium lord
 95739 | Zig:17   | Killed Hulof the pandemonium lord
 95739 | Zig:17   | Killed Gelocac the pandemonium lord
 95740 | Zig:17   | Killed Raad Epne the pandemonium lord
 95740 | Zig:17   | Killed Juesocvenast the pandemonium lord
 95740 | Zig:17   | Killed Mefokera the pandemonium lord
 95741 | Zig:17   | Reached skill level 15 in Air Magic
 95742 | Zig:17   | Killed Qeipoyng the pandemonium lord
 95744 | Zig:17   | Killed Ynyacry the pandemonium lord
 96045 | Zig:17   | Identified the +5 quarterstaff of Muru {spect, *Corrode
                  | rElec Int+3}
 96048 | Zig:18   | Entered Level 18 of a ziggurat
 96058 | Zig:18   | Noticed Muffal's ghost (legendary FoFi)
 96059 | Zig:18   | Noticed Ereufydu's ghost (legendary VSGl)
 96069 | Zig:18   | Noticed Icuofef's ghost (veteran SpEn)
 96069 | Zig:18   | Noticed Icuofef's ghost (veteran SpEn)
 96069 | Zig:18   | Noticed Ahek's ghost (legendary GnTm)
 96069 | Zig:18   | Noticed Gyofeun's ghost (legendary FoFi)
 96070 | Zig:18   | Noticed Ihoic's ghost (legendary SpEn)
 96070 | Zig:18   | Noticed Rotwopom's ghost (legendary NaVM)
 96070 | Zig:18   | Noticed Xiorchab's ghost (legendary VSFi)
 96070 | Zig:18   | Noticed Zorhyraw's ghost (legendary GrEE)
 96070 | Zig:18   | Noticed Rotwopom's ghost (legendary NaVM)
 96072 | Zig:18   | Identified the Almanac of Congealing Feathers
 96073 | Zig:18   | Killed Icuofef's ghost
 96074 | Zig:18   | HP: 7/199 [Rotwopom's ghost/tornado (14)]
 96074 | Zig:18   | Killed from afar by Rotwopom's ghost

Illustrated notes

Levels and vault maps discovered:
D:1:      heliophobic_arrival_glass_houses, layout_basic
D:2:      layout_loops_cross, nzn_hepliaklqana_mist_gate, grunt_decor_clamped,
          uniq_sigmund
D:3:      layout_rooms, lemuel_crystal_altar, eat_drink_and_be_merry_uskayaw,
          hangedman_decor_peaks_small, uniq_grinder
D:4:      layout_gridville
D:5:      layout_basic, lemuel_doored_altar, serial_curves, eino_curves_01,
          eino_curves_02, minmay_misc_feat_diagonals, elyvilon_altar_3
D:6:      wander_river, layout_layer_cave, lemuel_coloured_pillars_altar,
          lemuel_zombie_altar_kikubaaqudgha, okawaru_gym_becter, uniq_menkaure
D:7:      minmay_flawed_box, layout_rooms, led_sif_pool,
          fedhas_altar_decomposition, minmay_temple_entry_nine_rooms,
          lemuel_mausoleum_altar_yredelemnul
D:8:      layout_rooms, vehumet_statue, serial_aquarium, aquarium_bridge_square
          [aquarium_subvault_wall, aquarium_subvault_window,
          aquarium_subvault_bridge, aquarium_subvault_bridge],
          aquarium_bridge_square [aquarium_subvault_wall,
          aquarium_subvault_balcony, aquarium_subvault_wall,
          aquarium_subvault_bridge], aquarium_window_fake,
          aquarium_window_corner, aquarium_window_fake, aquarium_window_fake,
          aquarium_view_4, aquarium_balcony_double_1, aquarium_pool_corner,
          amcnicky_mini_corridor_feature, kennysheep_just_a_vault
D:9:      layout_basic, kennysheep_mini
D:10:     layout_basic, dpeg_lair_monsters, hangedman_corner_corridor
D:11:     layout_roguey, nicolae_ru_sacrificial_ziggurat, uniq_erolcha
D:12:     layout_roguey, hiddenorc2_lemuel, serial_shops, nicolae_shop_crystal
D:13:     layout_irregular_city, nicolae_trove_entry_free_sample
D:14:     minmay_goldmine, layout_cave_pods, grunt_vaults_entry_tiered,
          hangedman_decor_push, minmay_misc_feat_tiny, kennysheep_kite_vault
D:15:     gammafunk_depths_entry_grave, layout_long_grid,
          minmay_misc_feat_alley, uniq_kirke, uniq_roxanne
Temple:   jpeg_temple_clearing
Lair:1:   layout_regular_city, basic_altar, lemuel_fruit_fields,
          lemuel_fruit_tree, uniq_harold, uniq_urug
Lair:2:   layout_cave_pods, portal_ice_cave_entry_ice_beasts, basic_altar,
          chequers_serial_rivers_micro_c, serial_bayou_lagoon_b, uniq_maggie
Lair:3:   layout_regular_city, gammafunk_ghost_abyssal_escape,
          infiniplex_staircase_pool, serial_bayou_shore_a,
          minmay_lair_oklob_chamber, uniq_rupert
Lair:4:   layout_gridlike, minmay_swamp_entry_worms,
          spider_nest_entry_web_field, kennysheep_rathole, serial_bayou_shore_b
Lair:5:   layout_cave_pods, serial_bayou_crossing, grunt_megastairs_1
Lair:6:   evil_forest, layout_long_grid, minmay_slime_entry_oklob_open
Swamp:1:  layout_basic_swamp, evilmike_swamp_ruin_house_5,
          nicolae_swamp_spriggan_camp
Swamp:2:  layout_basic_swamp, hangedman_swamp_blocks
Swamp:3:  nzn_winding_woodlands_medium [nzn_winding_woodlands_5x5_checkerboard,
          nzn_winding_woodlands_5x15_river_crossing,
          nzn_winding_woodlands_5x5_three, nzn_winding_woodlands_5x5_open_star,
          nzn_winding_woodlands_center_triple_pond,
          nzn_winding_woodlands_5x5_closed_star,
          nzn_winding_woodlands_hourglass, nzn_winding_woodlands_5x15_garden,
          nzn_winding_woodlands_5x5_default], layout_basic_swamp,
          evilmike_swamp_ruin_house_4
Swamp:4:  swamp_basic_johnstein, layout_basic_swamp
Spider:1: gammafunk_boulding_lane, einodemon_crawler_minivault, uniq_donald,
          uniq_louise
Spider:2: layout_spider_delve, drop_trap
Spider:3: layout_spider_delve
Spider:4: spider_rune_water
Orc:1:    layout_caves, serial_shops, shop, basic_altar
Orc:2:    st_orc_town, layout_diamond_mine, serial_shops, shop,
          nicolae_orc_pool_cavern, nicolae_orc_tapped_out
Elf:1:    layout_onion_city, evilmike_minifort
Elf:2:    layout_gridlike, serial_shops, shop, bh_hangedman_babel_library,
          uniq_saint_roka
Elf:3:    grunt_elf_hall_diamonds, layout_geoelf_diagonals
Vaults:1: hangedman_vaults_slither, vaults_room_mumra_shop_pool,
          nicolae_vaults_network_quinsquares
          [nicolae_vaults_network_quincunx_subvault,
          nicolae_vaults_network_quincunx_subvault,
          nicolae_vaults_network_quincunx_subvault,
          nicolae_vaults_network_quincunx_subvault],
          vaults_mumra_minichess_inversion, st_squares,
          nicolae_vaults_angled_halls, hangedman_vaults_unwind,
          hangedman_vaults_stagger, vaults_mumra_chevron,
          ontoclasm_vaults_loading_screen, vaults_room_semicircle,
          grunt_vaults_funnel, layout_vaults_maze_bifur, uniq_asterion
Vaults:2: minmay_crypt_entry_vampire_xt, v_alt_pattern_3,
          vaults_mumra_bighexcomb, vaults_room_pools, vaults_room_grid,
          v_misc_18, vaults_room_corners, dpeg_vaults_monster_box, v_misc_19,
          layout_vaults_omnigrid, uniq_mennas, uniq_boris, uniq_mara
Vaults:3: v_misc_14, v_misc_19, ontoclasm_vaults_shuriken, v_rooms_3, v_misc_19,
          nicolae_vaults_big_ls, ontoclasm_vaults_hangar, grunt_vaults_diagonal,
          v_misc_11, vaults_room_octagon, layout_vaults_omnibox, serial_shops,
          shop, nicolae_shop_waterfront, nicolae_shop_crystal, shop,
          nicolae_shop_statue_plus, uniq_frederick
Vaults:4: ontoclasm_vaults_misaligned, nicolae_vaults_halls_meeting,
          hangedman_vaults_maws, vaults_dpeg_diagonal, v_pattern_4,
          ontoclasm_vaults_ligature, nicolae_vaults_network_periphery,
          v_misc_28, hangedman_vaults_corner_blocks, nicolae_vaults_rhombus_5,
          nicolae_vaults_little_squares_3, vaults_mumra_lcd,
          vaults_room_stairs_pillars, layout_vaults_omnicross
Vaults:5: serial_shops
Crypt:1:  layout_gridlike, uniq_khufu
Crypt:2:  layout_chaotic_city, grunt_megastairs_5
Crypt:3:  grunt_crypt_end_deaths_head, uniq_xtahua
Depths:1: layout_small_grid, minmay_misc_feat_columns, hangedman_coc_ice_floe,
          grunt_decor_one_mirror, wad_floor_pattern_untrapped,
          cheibriados_altar_1, kennysheep_random_hallway
Depths:2: minmay_the_grid_square_5x5_4x4 [minmay_the_grid_square_5x5_empty,
          minmay_the_grid_square_5x5_z, minmay_the_grid_square_5x5_comb,
          minmay_the_grid_square_5x5_inner_i,
          minmay_the_grid_square_5x5_shrine1,
          minmay_the_grid_square_5x5_prize_pseudospiral,
          minmay_the_grid_square_5x5_prize_monsterx,
          minmay_the_grid_square_5x5_slash, minmay_the_grid_square_5x5_detours,
          minmay_the_grid_square_5x5_prize_junk,
          minmay_the_grid_square_5x5_prize_itemx,
          minmay_the_grid_square_5x5_tie, minmay_the_grid_square_5x5_dogpile,
          minmay_the_grid_square_5x5_inverted_slash,
          minmay_the_grid_square_5x5_percent, minmay_the_grid_square_5x5_mess],
          layout_basic, hell_entry, minmay_staircase_bubble, serial_shops, shop,
          kennysheep_another_room, kennysheep_pointless_box
Depths:3: lemuel_river_lethe, hell_entry, pan_entry
Depths:4: gammafunk_depths_water_palace, layout_basic, enter_ziggurat_e,
          marbit_kobold_abyss_entry, hell_entry,
          serial_sigils_hangedman_scratch, minmay_misc_feat_hallway,
          hangedman_decor_opposing, evilmike_ambush
          [evilmike_ambush_outer_basic, evilmike_ambush_inner_basic],
          minmay_staircase_statues
Depths:5: lemuel_castle_with_subvaults [lemuel_castle_interior_original],
          layout_basic, grunt_decor_mini_mirrors, abyss_entry, hell_entry,
          serial_bayou_shore_b, uniq_margery
Zig:18

Skill      XL: |  1  2  3  4  5  6  7  8  9 10 11 12 13 14 15 16 17 18 19 20 21 22 23 24 25 26 27 |
---------------+----------------------------------------------------------------------------------+-----
Earth Magic    | 4 5 6 7 8 9 10 11 12 13 14 15 16 18 19 20 21 22 | 22.0
Conjurations   | 2 3 4 5 6 7 8 9 10 11 12 13 14 15 16 17 18 20 | 20.0
Spellcasting   | 3 4 5 6 7 8 9 10 11 12 13 14 15 16 25 | 25.6
Fighting       | 2 4 5 6 7 9 10 11 12 13 14 15 16 17 18 27 | 27.0
Armour         | 2 3 5 6 |  6.0
Maces & Flails | 2 3 4 5 7 8 9 10 11 12 13 14 15 16 | 16.0
Dodging        | 2 3 4 5 6 7 8 9 10 11 12 13 14 15 | 15.0
Evocations     | 2 3 4 5 6 7 8 9 10 | 10.0
Fire Magic     | 4 7 9 14 15 16 17 18 22 | 22.0
Transmutations | 11 | 11.0
Necromancy     | 13 | 13.0
Ice Magic      | 19 | 19.5
Air Magic      | 15 | 15.5
Stealth        | |  2.1

Action                   |  1- 3 |  4- 6 |  7- 9 | 10-12 | 13-15 | 16-18 | 19-21 | 22-24 | 25-27 || total
-------------------------+-------+-------+-------+-------+-------+-------+-------+-------+-------++-------
Melee: Whip              |    92 |    73 |    19 |       |       |       |       |       |       ||   184
       Dagger            |       |       |   398 |   432 |       |       |       |       |       ||   830
       Short sword       |       |       |       |    78 |    96 |       |       |       |       ||   174
       Flail             |       |       |       |       |   147 |       |       |       |       ||   147
       Demon whip        |       |       |       |       |   539 |   871 |   798 |   638 |  1350 ||  4196
 Cast: Sandblast         |    27 |    21 |   146 |    85 |    60 |    16 |     1 |       |       ||   356
       Stone Arrow       |       |       |     5 |    64 |   105 |       |       |       |       ||   174
       Lee's Rapid Decon |       |       |    10 |    40 |    76 |    11 |    11 |     5 |    12 ||   165
       Irradiate         |       |       |       |       |    18 |    24 |    10 |       |       ||    52
       Passwall          |       |       |       |       |     2 |       |       |       |       ||     2
       Iron Shot         |       |       |       |       |       |   235 |   110 |    89 |   125 ||   559
       Bolt of Magma     |       |       |       |       |       |    77 |    18 |       |     7 ||   102
       Starburst         |       |       |       |       |       |    13 |       |       |       ||    13
       Fireball          |       |       |       |       |       |     9 |     5 |       |       ||    14
       Ignition          |       |       |       |       |       |       |    83 |    26 |   111 ||   220
       Shatter           |       |       |       |       |       |       |       |    65 |   320 ||   385
       Fire Storm        |       |       |       |       |       |       |       |       |    63 ||    63
       Necromutation     |       |       |       |       |       |       |       |       |     3 ||     3
 Abil: Fly               |       |       |       |       |     1 |       |       |       |       ||     1
       Evoke Blink       |       |       |       |       |       |     1 |       |       |       ||     1
Evoke: Wand              |       |       |       |    25 |    31 |     9 |       |       |       ||    65
       Lightning rod     |       |       |       |       |    13 |     4 |       |       |       ||    17
       Phial of floods   |       |       |       |       |     3 |       |       |       |       ||     3
       Box of beasts     |       |       |       |       |       |     1 |       |     1 |       ||     2
       Condenser vane    |       |       |       |       |       |       |     1 |       |     3 ||     4
       Tin of tremorston |       |       |       |       |       |       |       |       |     2 ||     2
       Figurine of a zig |       |       |       |       |       |       |       |       |     1 ||     1
  Use: Scroll            |       |     5 |    10 |     9 |     6 |    16 |    13 |    11 |    48 ||   118
       Potion            |       |       |     4 |     4 |     7 |    14 |    11 |     3 |    25 ||    68
 Stab: Sleeping          |     1 |     4 |     4 |     9 |     3 |       |     1 |       |       ||    22
       Distracted        |       |       |     1 |       |     1 |     1 |       |       |     2 ||     5
Armor: Robe              |    47 |    27 |   199 |    96 |       |       |       |       |   133 ||   502
       Leather armour    |       |       |       |   207 |   194 |       |       |       |       ||   401
       Steam dragon scal |       |       |       |       |   189 |   517 |   372 |   306 |   565 ||  1949
       Storm dragon scal |       |       |       |       |       |       |       |       |   214 ||   214
Dodge: Dodged            |    79 |    58 |   254 |   409 |   542 |   598 |   429 |   279 |   947 ||  3595
Block: Other             |       |       |       |    23 |   175 |   179 |   141 |       |       ||   518
       Reflection        |       |       |       |     7 |     6 |     2 |    11 |       |       ||    26

Table legend: (Time is in decaauts)
 A = Elapsed time spent in this place.
 B = Non-inter-level travel time spent in this place.
 C = Inter-level travel time spent in this place.
 D = Time resting spent in this place.
 E = Time spent auto-exploring this place.
 F = Levels seen in this place.
 G = Mean time per level.
                   A        B        C        D        E       F      G
               +--------+--------+--------+--------+--------+-----+--------+
         Total |  94249 |  88858 |   5391 |  25796 |  46652 |  95 |  992.1 |
       Dungeon |  24376 |  22371 |   2005 |   5034 |  13219 |  15 | 1625.1 |
        Temple |    140 |    122 |     18 |      0 |    122 |   1 |  140.0 |
          Lair |   9065 |   8507 |    558 |    562 |   6681 |   6 | 1510.8 |
         Swamp |   9114 |   8820 |    294 |   3463 |   4259 |   4 | 2278.5 |
   Spider Nest |   7086 |   6497 |    589 |   1429 |   4071 |   4 | 1771.5 |
  Orcish Mines |   2353 |   1983 |    370 |      0 |   1480 |   2 | 1176.5 |
   Elven Halls |   6212 |   5896 |    316 |   1738 |   3040 |   3 | 2070.7 |
        Vaults |  11847 |  11305 |    542 |   2917 |   6742 |   5 | 2369.4 |
         Crypt |   5012 |   4875 |    137 |   1540 |   2414 |   3 | 1670.7 |
        Depths |   9272 |   8714 |    558 |   2728 |   4293 |   5 | 1854.4 |
      Ziggurat |   8409 |   8409 |      0 |   5721 |      0 |  45 |  186.9 |
         Trove |    103 |    103 |      0 |      0 |     20 |   1 |  103.0 |
      Ice Cave |   1254 |   1254 |      0 |    662 |    310 |   1 | 1254.0 |
               +--------+--------+--------+--------+--------+-----+--------+

Top non-repeatable levels by time:
Depths:4: 3585 daAuts
 Swamp:3: 3457 daAuts
Vaults:1: 3223 daAuts
    D:14: 2958 daAuts
 Swamp:4: 2750 daAuts
Vaults:4: 2530 daAuts
   Elf:1: 2468 daAuts
Vaults:2: 2357 daAuts
 Crypt:3: 2230 daAuts
     D:7: 2209 daAuts
    D:15: 2150 daAuts
   Elf:3: 2138 daAuts
  Lair:6: 2052 daAuts
Spider:4: 2027 daAuts
Vaults:3: 1969 daAuts
